 Dungeon Crawl Stone Soup version 0.29-a0-334-gb41bcbb86e (webtiles) character file.

Game seed: 213685734240368233

820483 Dyamorph the Imperceptible (level 27, -1/235 HPs)
             Began as a Gnoll Wanderer on Apr 13, 2022.
             Was a High Priest of Ashenzari.
             Killed by divine providence
             ... invoked by a smoke demon
              (14 damage)
             ... in Pandemonium on Apr 15, 2022.
             The game lasted 08:39:05 (86859 turns).

Dyamorph the Imperceptible (Gnoll Wanderer)        Turns: 86859, Time: 08:39:06

Health: -1/235     AC: 55    Str: 21      XL:     27
Magic:  44/49      EV: 23    Int: 43 (44) God:    Ashenzari [*****.]
Gold:   6196       SH: 34    Dex: 34      Spells: 1/71 levels left

rFire   + . .      SeeInvis +   E - +8 dagger of the Shackled Seeker {freeze, rElec rPois Will- Dex+7, Comp, Range} (curse)
rCold   + + +      Faith    .   O - +4 tower shield of the Eye in the Sky {rPois Int+4, Comp, Elem} (curse)
rNeg    + + +      Spirit   .   S - +8 orange crystal plate armour {Archmagi, Int+3 Clar, Fort, Melee} (curse)
rPois   ∞          Reflect  .   X - +3 crown of Dyrovepreva {rElec Int+2 SInv, Elem, Melee} (curse)
rElec   +          Harm     .   W - scarf of Ashenzari's Portent {rC+ rF+, Bglg, Range} (curse)
rCorr   +          Rampage  .   b - +1 pair of gloves "Ensconced Syndicalism" {rCorr Dex+3, Fort, Comp} (curse)
Will    ++...      Archmagi +   G - +2 pair of boots of the Omniscient Portent {Fly, Elem, Bglg} (curse)
Stlth   ++........ Clarity  +   o - amulet of Mulujegg {RegenMP Int+3 Slay+6 Stlth-}
HPRegen 0.49/turn               v - ring of Ashenzari's Anxiety {*Slow rC+++ Int+9 Dex+6 Slay-2, Evo, Comp} (curse)
MPRegen 0.71/turn               Z - ring "Prescient Prison" {rPois Str+6 Dex+7 Slay+2, Evo, Bglg} (curse)

@: lich-form, flying, studying 6 skills
A: draining attack, torment immunity, no potions, fangs 1, strong nose,
distributed training, mutation resistance 1
}: 5/15 runes: decaying, slimy, silver, abyssal, gossamer
a: End Transformation, Renounce Religion, Curse Item, Shatter the Chains


You were in Pandemonium.
You worshipped Ashenzari.
Ashenzari was extremely pleased with you.
You were an undead lich.
You visited 13 branches of the dungeon, and saw 54 of its levels.
You visited Pandemonium 1 time, and saw 6 of its levels.
You visited the Abyss 5 times.
You visited 1 bazaar.
You completed 1 ziggurat, and saw 27 of its levels.
You also visited: Trove and Ice Cave.

You collected 10907 gold pieces.
You spent 4711 gold pieces at shops.

Inventory:

Hand Weapons
 f - a +9 eudemon blade of holy wrath
 E - the cursed +8 dagger of the Shackled Seeker (weapon) {freeze, rElec rPois Will- Dex+7, Comp, Range}
   (You found it on level 6 of the Dungeon)

   It freezes those it strikes, dealing additional cold damage.
   It can also slow down cold-blooded creatures.
   Dex:       It affects your dexterity (+7).
   rElec:     It insulates you from electricity.
   rPois:     It protects you from poison.
   Will:      It decreases your willpower.
   It has a curse which improves the following skills: Companions: Summonings
   and Necromancy.
   Ranged Combat: Slings, Bows, Crossbows and Throwing.
 Q - the +9 falchion of Moliga {distort, rPois Will- Int+5 Stlth-}
   (You found it on level 19 of a ziggurat)

   It warps and distorts space around it, and may blink, banish, or inflict
   extra damage upon those it strikes.
   Unwielding it can cause banishment or high damage.
   Int:       It affects your intelligence (+5).
   rPois:     It protects you from poison.
   Will:      It decreases your willpower.
   Stlth:     It makes you less stealthy.
Missiles
 N - 13 silver javelins
Armour
 b - the cursed +1 pair of gloves "Ensconced Syndicalism" (worn) {rCorr Dex+3, Fort, Comp}
   (You found it on level 4 of the Spider Nest)

   Dex:       It affects your dexterity (+3).
   rCorr:     It protects you from acid and corrosion.
   It has a curse which improves the following skills: Fortitude: Armour and
   Shields.
   Companions: Summonings and Necromancy.
 d - the +9 scales of the Dragon King {rPois rF+ rC+ Will+}
   (You found it on level 5 of the Pits of Slime)

   rF:        It protects you from fire.
   rC:        It protects you from cold.
   rPois:     It protects you from poison.
   Will:      It increases your willpower.
 G - the cursed +2 pair of boots of the Omniscient Portent (worn) {Fly, Elem, Bglg}
   (You bought it in a shop on level 2 of the Elven Halls)

   It has a curse which improves the following skills: Elements: Fire Magic, Ice
   Magic, Air Magic and Earth Magic.
   Beguiling: Conjurations, Hexes and Translocations.
 O - the cursed +4 tower shield of the Eye in the Sky (worn) {rPois Int+4, Comp, Elem}
   (You took it off a daeva on level 17 of a ziggurat)

   Int:       It affects your intelligence (+4).
   rPois:     It protects you from poison.
   It has a curse which improves the following skills: Companions: Summonings
   and Necromancy.
   Elements:  Fire Magic, Ice Magic, Air Magic and Earth Magic.
 S - the cursed +8 orange crystal plate armour (worn) {Archmagi, Int+3 Clar, Fort, Melee}
   (You acquired it on level 17 of a ziggurat)

   Int:       It affects your intelligence (+3).
   Clar:      It protects you against confusion.
   It has a curse which improves the following skills: Fortitude: Armour and
   Shields.
   Melee Combat: Short Blades, Long Blades, Axes, Maces & Flails, Polearms,
   Staves and Unarmed Combat.
 W - the cursed scarf of Ashenzari's Portent (worn) {rC+ rF+, Bglg, Range}
   (You found it on level 6 of the Lair of Beasts)

   It has a curse which improves the following skills: Beguiling: Conjurations,
   Hexes and Translocations.
   Ranged Combat: Slings, Bows, Crossbows and Throwing.
 X - the cursed +3 crown of Dyrovepreva (worn) {rElec Int+2 SInv, Elem, Melee}
   (You found it on level 3 of the Depths)

   Int:       It affects your intelligence (+2).
   rElec:     It insulates you from electricity.
   SInv:      It lets you see invisible.
   It has a curse which improves the following skills: Elements: Fire Magic, Ice
   Magic, Air Magic and Earth Magic.
   Melee Combat: Short Blades, Long Blades, Axes, Maces & Flails, Polearms,
   Staves and Unarmed Combat.
Jewellery
 o - the amulet of Mulujegg (around neck) {RegenMP Int+3 Slay+6 Stlth-}
   (You found it on level 1 of the Crypt)

   [amulet of magic regeneration]

   It increases your rate of magic regeneration.
   Int:       It affects your intelligence (+3).
   Slay:      It affects your accuracy & damage with ranged weapons and melee
   (+6).
   Stlth:     It makes you less stealthy.
 s - the ring "Murhydel" {rF+ Int+4 Dex-3 SInv Stlth+}
   (You found it on level 20 of a ziggurat)

   [ring of protection from fire]

   Int:       It affects your intelligence (+4).
   Dex:       It affects your dexterity (-3).
   rF:        It protects you from fire.
   SInv:      It lets you see invisible.
   Stlth:     It makes you more stealthy.
 v - the cursed ring of Ashenzari's Anxiety (left hand) {*Slow rC+++ Int+9 Dex+6 Slay-2, Evo, Comp}
   (You found it on level 15 of the Dungeon)

   [ring of dexterity]

   Int:       It affects your intelligence (+9).
   Dex:       It affects your dexterity (+6).
   Slay:      It affects your accuracy & damage with ranged weapons and melee
   (-2).
   rC:        It renders you almost immune to cold.
   *Slow:     It may slow you when you take damage.
   It has a curse which improves the following skills: Evocations: Evocations.
   Companions: Summonings and Necromancy.
 y - a +4 ring of protection
 I - the ring of Tegoa {Str+4 Int+6}
   (You found it on level 20 of a ziggurat)

   [ring of intelligence]

   Str:       It affects your strength (+4).
   Int:       It affects your intelligence (+6).
 L - a ring of willpower
 R - a +6 ring of intelligence
 Z - the cursed ring "Prescient Prison" (right hand) {rPois Str+6 Dex+7 Slay+2, Evo, Bglg}
   (You bought it in a shop in a bazaar)

   [ring of poison resistance]

   Str:       It affects your strength (+6).
   Dex:       It affects your dexterity (+7).
   Slay:      It affects your accuracy & damage with ranged weapons and melee
   (+2).
   rPois:     It protects you from poison.
   It has a curse which improves the following skills: Evocations: Evocations.
   Beguiling: Conjurations, Hexes and Translocations.
Wands
 p - a wand of acid (14)
 u - a wand of digging (1)
 x - a wand of flame (134)
 z - a wand of mindburst (33)
 B - a wand of iceblast (44)
Scrolls
 a - 10 scrolls of amnesia
 c - 8 scrolls of fear
 e - 4 scrolls of blinking
 j - 15 scrolls of fog
 k - 3 scrolls of torment
 r - 9 scrolls of enchant armour
 t - 23 scrolls of magic mapping
 A - 16 scrolls of teleportation
 F - 6 scrolls of holy word
 J - 15 scrolls of enchant weapon
 T - 6 scrolls of silence
Potions
 g - 3 potions of might
 h - 4 potions of magic
 i - 3 potions of resistance
 l - 38 potions of curing
 m - 2 potions of heal wounds
 n - 8 potions of haste
 q - 2 potions of ambrosia
 w - 6 potions of cancellation
 C - a potion of berserk rage
 H - 23 potions of mutation
 P - 5 potions of brilliance
Miscellaneous
 D - a +1 figurine of a ziggurat
 K - a phantom mirror
 M - a lightning rod (4/4)
 U - a tin of tremorstones (2/2)
 V - a condenser vane
 Y - a box of beasts


   Skills:
 + Level 23.1 Fighting
 + Level 22.7(25.7) Short Blades
 + Level 22.7(25.7) Long Blades
 + Level 23.8(26.8) Axes
 + Level 22.7(25.7) Maces & Flails
 + Level 22.7(25.7) Polearms
 + Level 22.7(25.7) Staves
 + Level 22.7(25.7) Slings
 + Level 22.7(25.7) Bows
 + Level 22.7(25.7) Crossbows
 + Level 22.7(25.7) Throwing
 + Level 25.5(27) Armour
 + Level 22.7 Dodging
 + Level 25.9 Stealth
 + Level 23.6(26.6) Shields
 + Level 22.7(25.7) Unarmed Combat
 + Level 22.9 Spellcasting
 + Level 19.5(23.7) Conjurations
 + Level 19.5(23.7) Hexes
 + Level 19.5(24.7) Summonings
 + Level 19.8(25.0) Necromancy
 + Level 19.5(23.7) Translocations
 + Level 19.5 Transmutations
 + Level 19.5(23.7) Fire Magic
 + Level 19.5(23.7) Ice Magic
 + Level 19.5(23.7) Air Magic
 + Level 22.0(26.1) Earth Magic
 + Level 19.5 Poison Magic
 + Level 25.4 Invocations
 + Level 22.7(25.7) Evocations


You had one spell level left.
You knew the following spells:

 Your Spells              Type           Power      Damage    Failure   Level
a - Discord               Hex            77%        N/A       1%          8
b - Infestation           Necr           92%        N/A       1%          8
c - Dispel Undead         Necr           100%       3d31      0%          4
d - Fulminant Prism       Conj/Hex       77%        3d32      0%          4
e - Maxwell's Capacitive  Air            77%        ∞         1%          8
f - Necromutation         Tmut/Necr      89%        N/A       2%          8
g - Ignition              Fire           77%        3d20      1%          8
h - Iron Shot             Conj/Erth      78%        9d14      1%          6
i - Spellforged Servitor  Conj/Summ      78%        N/A       1%          7
j - Shatter               Erth           80%        3d58*     9%          9

Your spell library contained the following spells:

 Spells                   Type           Power      Damage    Failure   Level
 Animate Skeleton         Necr           100%       N/A       0%          1
 Apportation              Tloc           100%       N/A       0%          1
 Foxfire                  Conj/Fire      100%       2x1d9     0%          1
 Freeze                   Ice            100%       1d11      0%          1
 Magic Dart               Conj           100%       1d8       0%          1
 Pain                     Necr           100%       1d9       0%          1
 Sandblast                Erth           100%       2d20      0%          1
 Shock                    Conj/Air       100%       1d9       0%          1
 Slow                     Hex            100%       N/A       0%          1
 Sting                    Tmut/Pois      100%       1d8       0%          1
 Blink                    Tloc           100%       N/A       0%          2
 Call Imp                 Summ           100%       N/A       0%          2
 Corpse Rot               Necr/Air       100%       N/A       0%          2
 Ensorcelled Hibernation  Hex/Ice        100%       N/A       0%          2
 Passwall                 Tmut/Erth      100%       N/A       0%          2
 Poisonous Vapours        Pois/Air       100%       N/A       0%          2
 Scorch                   Fire           100%       2d10      0%          2
 Searing Ray              Conj           100%       2d8       0%          2
 Static Discharge         Conj/Air       100%       N/A       0%          2
 Sublimation of Blood     Necr           100%       N/A       0%          2
 Call Canine Familiar     Summ           100%       N/A       0%          3
 Conjure Flame            Conj/Fire      100%       6-21      0%          3
 Dazzling Flash           Conj/Hex       100%       N/A       0%          3
 Frozen Ramparts          Ice            100%       1d12      0%          3
 Gell's Gravitas          Tloc           100%       N/A       0%          3
 Ignite Poison            Fire/Tmut/Pois 100%       N/A       0%          3
 Inner Flame              Hex/Fire       100%       N/A       0%          3
 Lesser Beckoning         Tloc           100%       N/A       0%          3
 Mephitic Cloud           Conj/Pois/Air  100%       N/A       0%          3
 Ozocubu's Armour         Ice            100%       N/A       0%          3
 Portal Projectile        Hex/Tloc       100%       N/A       0%          3
 Spider Form              Tmut/Pois      100%       N/A       0%          3
 Stone Arrow              Conj/Erth      100%       3d13      0%          3
 Summon Guardian Golem    Hex/Summ       100%       N/A       0%          3
 Swiftness                Air            100%       N/A       0%          3
 Teleport Other           Tloc           100%       N/A       0%          3
 Tukima's Dance           Hex            100%       N/A       0%          3
 Vampiric Draining        Necr           100%       2d13      0%          3
 Airstrike                Air            77%        N/A       0%          4
 Anguish                  Hex/Necr       91%        N/A       0%          4
 Animate Armour           Summ/Erth      100%       N/A       0%          4
 Animate Dead             Necr           92%        N/A       0%          4
 Cause Fear               Hex            77%        N/A       0%          4
 Flame Wave               Conj/Fire      100%       2d17      0%          4
 Hailstorm                Conj/Ice       100%       3d20      0%          4
 Ice Form                 Ice/Tmut       100%       N/A       0%          4
 Iskenderun's Mystic Bla  Conj/Tloc      100%       2d19      0%          4
 Leda's Liquefaction      Hex/Erth       78%        N/A       0%          4
 Olgreb's Toxic Radiance  Pois           100%       N/A       0%          4
 Passage of Golubria      Tloc           100%       N/A       0%          4
 Petrify                  Tmut/Erth      100%       N/A       0%          4
 Sticky Flame             Conj/Fire      100%       2d11      0%          4
 Summon Ice Beast         Ice/Summ       100%       N/A       0%          4
 Summon Lightning Spire   Summ/Air       100%       N/A       0%          4
 Agony                    Necr           100%       N/A       0%          5
 Borgnjor's Vile Clutch   Necr/Erth      92%        N/A       0%          5
 Fireball                 Conj/Fire      77%        3d29      0%          5
 Freezing Cloud           Conj/Ice/Air   77%        6-21      0%          5
 Irradiate                Conj/Tmut      75%        3d38      0%          5
 Iskenderun's Battlesphe  Conj           100%       2d15      0%          5
 Lee's Rapid Deconstruct  Erth           80%        3d37*     0%          5
 Lightning Bolt           Conj/Air       77%        1d104     0%          5
 Manifold Assault         Tloc           100%       N/A       0%          5
 Metabolic Englaciation   Hex/Ice        77%        N/A       0%          5
 Silence                  Hex/Air        77%        N/A       0%          5
 Summon Forest            Summ/Tloc      78%        N/A       0%          5
 Summon Mana Viper        Hex/Summ       100%       N/A       0%          5
 Yara's Violent Unravell  Hex/Tmut       75%        3d28      0%          5
 Alistair's Intoxication  Tmut/Pois      96%        N/A       1%          5
 Blade Hands              Tmut           72%        N/A       1%          5
 Conjure Ball Lightning   Conj/Air       77%        3x3d28    1%          6
 Death Channel            Necr           92%        N/A       1%          6
 Dispersal                Tloc           77%        N/A       1%          6
 Eringya's Noxious Bog    Tmut/Pois      72%        N/A       1%          6
 Simulacrum               Ice/Necr       91%        N/A       1%          6
 Starburst                Conj/Fire      77%        6d20      1%          6
 Statue Form              Tmut/Erth      100%       N/A       1%          6
 Summon Cactus Giant      Summ           78%        N/A       1%          6
 Dragon Form              Tmut           72%        N/A       1%          7
 Enfeeble                 Hex            77%        N/A       1%          7
 Haunt                    Necr/Summ      92%        N/A       1%          7
 Malign Gateway           Summ/Tloc      78%        N/A       1%          7
 Orb of Destruction       Conj           77%        9d17      1%          7
 Ozocubu's Refrigeration  Ice            77%        4d20      1%          7
 Storm Form               Tmut/Air       75%        N/A       1%          7
 Summon Hydra             Summ           78%        N/A       1%          7
 Borgnjor's Revivificati  Necr           92%        N/A       1%          8
 Disjunction              Tloc           77%        N/A       1%          8
 Lehudib's Crystal Spear  Conj/Erth      78%        10d18     1%          8
 Death's Door             Necr           92%        N/A       14%         9


Dungeon Overview and Level Annotations

Branches:
Dungeon (15/15)            Temple (1/1) D:6            Lair (6/6) D:10
  Swamp (4/4) Lair:3       Spider (4/4) Lair:3        Slime (5/5) Lair:6
    Orc (2/2) D:9             Elf (3/3) Orc:2        Vaults (5/5) D:13
  Crypt (3/3) Vaults:2       Tomb (0/3) Crypt:3      Depths (4/4) D:15
   Hell (visited)             Zot (1/5) Depths:4      IceCv (visited)
    Dis: Hell:1         Geh: Hell:1         Coc: Hell:1         Tar: Hell:1

Altars:
Ashenzari
Fedhas
Kikubaaqudgha
Nemelex Xobeh
Sif Muna
Trog
Uskayaw
Yredelemnul
The Shining One
Beogh

Shops:
Orc:2 (:[*   Elf:1 (   Elf:2 [   Depths:3 (   Depths:4 :=:

Portals:
Hell: Depths:1 Depths:2 Depths:3 Depths:4
Abyss: Depths:3
Pandemonium: Depths:2 Depths:3

Annotations:
D:7 2 runed translucent doors, Morbidden's ghost, novice TrMo
Vaults:3 1 runed translucent door, Olga's ghost, adept MfAK
Depths:3 1 transporter


Innate Abilities, Weirdness & Mutations

You are an undead lich.
Your unarmed attacks are suffused with negative energy.
You are immune to unholy pain and torment.
Your necromantic spells are more powerful.
You cannot drink.
You are immune to poison.
You have very sharp teeth.
Your uncanny sense of smell can sniff out nearby items.
Your experience applies equally to all skills.
You are somewhat resistant to further mutation.


Message History

Something smites you! The smoke demon gestures at you. Something smites you!
The smoke demon gestures at you. Something smites you!
The smoke demon gestures at you. Something smites you!
The smoke demon roars!
The smoke demon gestures at you. Something smites you!
You see here a wand of acid (5).
p - a wand of acid (14) (gained 5 charges)
You swap places.
The smoke demon gestures at you. Something smites you!
The smoke demon gestures at you. Something smites you!
The smoke demon gestures at you. Something smites you!
The smoke demon gestures at you. Something smites you!
The smoke demon gestures at you. Something smites you!
* * * LOW HITPOINT WARNING * * *
The smoke demon gestures at you. Something smites you!
* * * LOW HITPOINT WARNING * * *
The smoke demon gestures at you. Something smites you!
* * * LOW HITPOINT WARNING * * *
The tormentor says, "I know a thousand and one ways to kill you."
The smoke demon gestures at you. Something smites you!
* * * LOW HITPOINT WARNING * * *
The smoke demon gestures at you. Something smites you!
* * * LOW HITPOINT WARNING * * *
The smoke demon gestures at you. Something smites you!
You die...

,.....#######'####...
***#######...##...##...
########.............
####..........(......
########.###.............
#........................
#######'''######.........
*∆ 3#≈...≈#3#[##...##...
3#≈§L.§#.#)##^..##...
#3#≈.9.≈#{# #....##...
,#3#≈..§≈#{#,#......... *
#3#≈)..§#3#,#.........
#3#§§.§§#3# #.........
*,#3#≈§..≈#3# #.........
,#3#§...≈#3#{####'##...
*,#3#≈...≈#3#.##...##...
,#3#≈...≈#2#.#.....#...


You could see 4 smoke demons and a friendly spellforged servitor (summoned).

Vanquished Creatures
  the Royal Jelly (Slime:5)
  3 dread liches
  4 ancient liches
  Mara (Depths:3)
  Mennas (Vaults:5)
  Bai Suzhen (Swamp:4)
  3 Killer Klowns
  Frederick (Vaults:5)
  6 pandemonium lords
  A curse toe (Zot:1)
  Geryon (Hell)
  3 pearl dragons (Zig:19)
  3 bone dragons
  18 golden dragons
  Arachne (Spider:4)
  6 doom hounds
  3 Brimstone Fiends (Pan)
  5 Tzitzimimeh
  A shard shrike zombie (Crypt:3)
  6 Hell Sentinels
  9 tentacled monstrosities
  A shard shrike skeleton (Crypt:3)
  4 liches
  9 Ice Fiends
  4 death cobs (Zot:1)
  4 titans
  Asterion (Lair:3)
  A deep elf blademaster (Elf:3)
  3 tentacled starspawn (Zig:25)
  30 acid blobs
  7 Executioners
  A sphinx (Depths:2)
  5 ancient champions
  2 storm dragons (Zot:1)
  4 tengu reavers
  Agnes (Elf:1)
  2 thorn hunters
  3 shadow dragons
  3 nagarajas (Zig:14)
  3 draconian monks (Zot:1)
  11 azure jellies
  6 rockslimes
  3 daevas
  Kirke (D:12)
  3 narguns (Zig:10)
  5 fire giants
  A fenstrider witch (Zig:26)
  2 demonspawn warmongers
  An iron dragon (shapeshifter) (Zig:5)
  10 emperor scorpions
  4 balrugs
  10 deep elf sorcerers
  2 draconian scorchers
  4 frost giants
  Louise (Spider:1)
  4 iron dragons
  2 draconian knights (Zot:1)
  32 ghost moths
  16 vault wardens
  A draconian shifter (Zot:1)
  5 curse skulls
  4 orc warlords
  6 angels
  7 cacodemons
  7 very ugly things
  2 deep elf elementalists
  A war gargoyle (Zig:20)
  A caustic shrike zombie (Crypt:3)
  7 ghouls
  2 spriggan defenders
  10 reapers
  11 quicksilver oozes
  14 stone giants
  4 demonspawn blood saints
  10 ironbound preservers
  3 demonspawn corrupters
  5 broodmothers
  4 draconian stormcallers
  A draconian annihilator (Depths:4)
  6 apis (Zig:19)
  7 ophanim (Zig:19)
  5 green draconians
  A vampire knight (Crypt:1)
  2 black draconians (Zot:1)
  21 entropy weavers
  2 ironbound thunderhulks (Vaults:2)
  2 deep elf demonologists (Elf:3)
  3 putrid mouths
  4 demonspawn black suns
  10 eleionomae
  5 deep elf annihilators
  4 lorocyprocas
  2 purple draconians (Depths:4)
  2 dire elephants (Vaults:2)
  3 red draconians
  2 white draconians (Zot:1)
  3 yellow draconians (Zot:1)
  Azrael (D:12)
  7 spark wasps
  2 bunyips (Zig:24)
  8 eidola
  3 merfolk impalers
  2 iron golems
  8 deep elf death magi
  A merfolk javelineer (Zig:16)
  20 green deaths
  7 deep elf high priests
  4 ettins
  4 blizzard demons
  9 shambling mangroves
  2 fire dragons (Depths:2)
  11 great orbs of eyes
  10 yaktaur captains
  2 naga warriors
  6 jiangshi
  8 boulder beetles
  10 rakshasas
  2 ice dragons
  39 hydras
  10 vault guards
  A hell beast (Pan)
  3 ironbound frosthearts
  3 centaur warriors (D:13)
  A catoblepas (Abyss:3)
  2 two-headed ogres
  5 spriggan air magi
  3 anacondas
  4 radroaches
  2 death knights
  3 ghost crabs
  3 spriggan skeletons
  6 jorogumos
  5 merfolk avatars
  3 satyrs (Zig:16)
  11 death yaks
  10 alligators
  4 tengu warriors
  11 merfolk aquamancers
  3 hell hogs
  3 deep troll shamans
  13 spriggan berserkers
  14 dancing weapons
  4 orc high priests
  A storm dragon zombie (Depths:2)
  6 vampire magi
  10 thrashing horrors
  A shock serpent (shapeshifter) (Zig:20)
  A titan zombie (Depths:2)
  4 shock serpents
  13 wretched stars
  6 spriggans
  A hell knight (Depths:2)
  19 sun demons
  7 deep elf knights
  5 goliath frogs
  23 soul eaters
  Nergalle (Lair:4)
  3 iron trolls
  6 shadow wraiths
  16 pharaoh ants
  9 sixfirhies
  26 death drakes
  5 nameless horrors
  21 orb spiders
  3 sun moths
  6 skeletal warriors
  13 steelbarb worms
  7 cherubim (Zig:19)
  An obsidian statue (Zig:18)
  15 shadow demons (Pan)
  A storm dragon skeleton (Crypt:1)
  6 spriggan druids
  6 sea snakes
  A steelbarb worm (shapeshifter) (Elf:3)
  18 swamp dragons
  27 deep trolls
  14 phantasmal warriors
  7 glowing orange brains
  2 lindwurms (shapeshifter)
  4 lindwurms
  27 starcursed masses
  4 flayed ghosts
  3 bog bodies
  11 necromancers
  10 orc knights
  2 deep elf archers
  20 ironbound convokers
  4 wizards
  6 deep elf zephyrmancers
  4 harpies
  2 wolf spider zombies (D:15)
  10 fauns (Zig:16)
  11 deep elf pyromancers
  An oklob plant (Lair:6)
  6 orc sorcerers
  20 wolf spiders
  An iron dragon zombie (Depths:2)
  29 moths of wrath
  2 draconians (Abyss:5)
  2 tengu skeletons
  9 will-o-the-wisps
  4 worldbinders
  11 shining eyes
  11 manticores
  A dire elephant zombie (Crypt:3)
  14 ugly things
  A faun (shapeshifter) (Depths:3)
  3 cyclopes
  14 black mambas
  7 elephants
  3 merfolk sirens
  5 ice statues
  2 guardian serpents
  An iron dragon skeleton (Crypt:3)
  19 torpor snails
  An apocalypse crab (Zig:25)
  7 centaur zombies (D:15)
  2 fire giant skeletons (Depths:2)
  A naga mage (Zig:14)
  3 rust devils
  5 hellions
  19 smoke demons
  A gargoyle (D:10)
  18 vault sentinels
  3 water nymphs
  8 eyes of devastation
  2 efreet
  A torpor snail (shapeshifter) (Vaults:5)
  10 orange demons
  24 cane toads
  7 freezing wraiths
  7 komodo dragons
  3 unseen horrors
  2 dire elephant skeletons (Crypt:3)
  4 rime drakes
  7 yaktaurs
  16 demonic crawlers
  9 tormentors
  4 tengu conjurers
  A harpy zombie (Abyss:2)
  A red devil (Pan)
  A purple draconian skeleton (Crypt:2)
  A kobold demonologist (Abyss:2)
  An alligator snapping turtle skeleton (Abyss:3)
  4 hellwings (Pan)
  2 meliai
  8 ancient zymes
  A silent spectre (Depths:3)
  A human skeleton (Vaults:4)
  9 polar bears
  22 tarantellas
  A tengu simulacrum (Zig:25)
  12 merfolk
  A wind drake (Zig:12)
  7 trolls
  2 bloated husks
  17 hornets
  10 raiju
  An ettin zombie (Crypt:3)
  A harpy skeleton (Crypt:3)
  12 tyrant leeches
  73 slime creatures
  12 dream sheep
  2 snapping turtles (Zig:12)
  30 blink frogs
  23 jumping spiders
  A jumping spider (shapeshifter) (Vaults:5)
  3 flying skulls
  Sigmund (D:5)
  3 vampires
  18 water elementals
  3 shadows
  2 yaks (shapeshifter) (D:14)
  22 culicivoras
  22 ynoxinuls
  62 yaks
  9 wraiths
  10 golden eyes
  2 hogs (D:12)
  5 fire elementals
  A human (shapeshifter) (D:9)
  9 neqoxecs
  6 basilisks
  A glowing shapeshifter zombie (Crypt:1)
  19 chaos spawn
  50 redbacks
  A wind drake skeleton (Crypt:2)
  A steam dragon (D:9)
  13 vampire mosquitoes
  7 wargs
  A human zombie (Vaults:4)
  11 swamp worms
  36 large abominations
  4 hell hounds (D:12)
  3 acid dragons
  10 water moccasins
  A floating eye (Slime:5)
  A naga skeleton (Crypt:3)
  7 swamp drakes
  A hornet zombie (D:15)
  2 ice beasts
  2 black bears
  57 orc warriors
  A sky beast (D:5)
  8 wolves
  15 ogres
  An ogre (shapeshifter) (Depths:4)
  A tengu (shapeshifter) (Vaults:1)
  10 centaurs
  2 phantoms
  Blork the orc (D:4)
  A kobold brigand (D:7)
  A gnoll sergeant (D:9)
  15 bullfrogs
  A human simulacrum (Zig:10)
  A necrophage (D:6)
  A cane toad simulacrum (D:13)
  3 scorpions (D:6)
  An earth elemental (Elf:3)
  4 wights (D:7)
  5 wyvern skeletons (Crypt:3)
  Dowan (D:5)
  14 killer bees
  An elephant simulacrum (D:13)
  A howler monkey (D:6)
  7 electric eels
  A lava snake (Orc:1)
  2 hounds
  2 jellies
  A quasit (Abyss:2)
  9 small abominations
  20 orc priests
  An iguana (D:7)
  2 iron imps
  A hell rat (Hell)
  25 orc wizards
  A troll simulacrum (D:13)
  3 adders
  14 gnolls
  A naga simulacrum (D:13)
  5 shadow imps
  2 white imps
  An ufetubus (D:15)
  A worm (D:3)
  3 dart slugs (D:1)
  86 orcs
  4 endoplasms
  2 giant cockroaches
  8 goblins
  5 hobgoblins
  7 jackals
  8 kobolds
  4 quokkas
  6 ball pythons
  3 bats
  3 frilled lizards
  A hobgoblin skeleton (Crypt:2)
  An orc skeleton (Crypt:2)
  6 rats
  A rat skeleton (Crypt:1)
  A briar patch (Swamp:4)
  A fulminant prism (D:9)
  3 starspawn tentacles (Zig:25)
2529 creatures vanquished.

Vanquished Creatures (collateral kills)
  A dread lich (Zig:20)
  3 ancient liches
  4 juggernauts
  Xtahua (Vaults:4)
  6 golden dragons
  6 bone dragons
  3 pearl dragons (Zig:19)
  An electric golem (Zot:1)
  A Tzitzimitl (Hell)
  5 tentacled monstrosities
  6 Brimstone Fiends
  An Ice Fiend (Pan)
  Zenata (Vaults:1)
  2 Hell Sentinels
  2 liches
  A deep elf master archer (Elf:3)
  2 titans (Vaults:5)
  A deep elf blademaster (Elf:3)
  10 acid blobs
  4 ancient champions
  2 sphinxes (Zig:20)
  5 Executioners (Pan)
  2 thorn hunters (Swamp:4)
  A storm dragon (Depths:4)
  A death cob (Zot:1)
  A demonspawn warmonger (Pan)
  6 azure jellies
  3 nagarajas (Zig:14)
  3 shadow dragons
  A daeva (Zig:19)
  19 rockslimes
  2 fire giants (Depths:4)
  A nargun (Zig:10)
  The ghost of Agiyn the Eclecticist, an adept DjCj of Gozag (D:15)
  A frost giant (Depths:4)
  A draconian monk (Zot:1)
  2 emperor scorpions
  A draconian scorcher (Abyss:2)
  6 deep elf sorcerers (Elf:3)
  6 vault wardens
  A ghost moth (Zig:23)
  4 demonspawn blood saints
  An angel (Zig:19)
  2 deep elf elementalists (Elf:3)
  5 reapers
  10 cacodemons
  5 ghouls
  2 curse skulls
  5 balrugs
  An orc warlord (Vaults:1)
  3 quicksilver oozes
  2 draconian shifters
  3 demonspawn corrupters (Pan)
  10 ironbound preservers
  A draconian annihilator (Zot:1)
  3 spriggan defenders
  A caustic shrike skeleton (Zig:25)
  12 stone giants
  A war gargoyle (Vaults:5)
  An ophan (Zig:19)
  12 very ugly things
  3 ironbound thunderhulks
  6 vampire knights
  An apis (Zig:19)
  3 deep elf annihilators (Elf:3)
  2 putrid mouths
  A green draconian (Depths:4)
  3 eleionomae
  2 demonspawn black suns (Pan)
  A red draconian (Zot:1)
  A dire elephant (Vaults:2)
  An entropy weaver (Spider:3)
  2 yellow draconians
  2 purple draconians
  A bunyip (Zig:11)
  An iron golem (Hell)
  5 eidola
  4 spark wasps
  6 blizzard demons
  2 white draconians
  A quicksilver dragon zombie (Depths:2)
  A fire dragon (Depths:4)
  2 green deaths (Pan)
  A merfolk impaler (Depths:2)
  3 deep elf high priests (Elf:3)
  A merfolk javelineer (Zig:16)
  9 deep elf death magi
  4 jiangshi
  A mummy priest (Crypt:3)
  A crystal guardian (Hell)
  2 spriggan zombies (Crypt:3)
  7 yaktaur captains
  5 ettins
  2 shambling mangroves
  5 jorogumos (Spider:4)
  An ice dragon (Depths:3)
  3 hell beasts
  6 great orbs of eyes
  5 salamander tyrants (Zig:14)
  2 rakshasas
  An ironbound frostheart (Vaults:3)
  A caustic shrike simulacrum (Crypt:1)
  A naga warrior (Zig:14)
  A radroach (Spider:4)
  2 boulder beetles
  2 spriggan skeletons
  23 vault guards
  3 death knights
  6 hydras
  2 ogre magi (Vaults:5)
  A merfolk aquamancer (Zig:16)
  An alligator snapping turtle (Zig:16)
  A spriggan air mage (Depths:2)
  A two-headed ogre (D:14)
  6 alligators
  An alligator (shapeshifter) (Vaults:5)
  10 dancing weapons
  A deep troll shaman (Depths:4)
  2 hell hogs (Hell)
  4 vampire magi
  3 tengu warriors
  5 deep troll earth magi
  3 naga sharpshooters
  5 spriggan berserkers
  A hell knight (Depths:2)
  11 soul eaters
  14 sun demons
  A thrashing horror (Abyss:2)
  5 sixfirhies
  3 goliath frogs
  11 spriggans
  A wretched star (Zig:25)
  2 fire crabs (Abyss:3)
  3 pharaoh ants
  7 iron trolls
  23 skeletal warriors
  An anaconda zombie (Crypt:3)
  2 salamander mystics (Zig:14)
  6 deep elf knights
  6 spatial maelstroms
  2 sun moths (Zig:23)
  19 large abominations
  46 deep trolls
  A shadow demon (Pan)
  A golden dragon zombie (Crypt:3)
  4 orb spiders
  5 steelbarb worms
  4 bog bodies
  A glowing orange brain (Slime:5)
  An orange crystal statue (Vaults:4)
  2 flayed ghosts
  A steelbarb worm (shapeshifter) (Vaults:5)
  An obsidian statue (Crypt:2)
  3 deep elf archers
  A shadow dragon zombie (Crypt:3)
  2 death drakes
  12 phantasmal warriors
  A naga ritualist (Zig:6)
  2 bunyip skeletons (Crypt:1)
  4 ironbound convokers
  11 swamp dragons
  3 lindwurms (Vaults:2)
  2 tengu zombies
  10 necromancers
  An iron giant skeleton (Crypt:3)
  9 deep elf pyromancers
  14 deep elf zephyrmancers
  4 orc knights
  4 harpies (Vaults:4)
  20 ugly things
  2 human zombies
  2 shining eyes
  A mana viper (Zig:14)
  A cyclops (D:12)
  2 will-o-the-wisps
  A faun (Zig:16)
  A cyclops (shapeshifter) (Zig:17)
  A manticore (Zig:16)
  6 centaur zombies
  A goliath frog skeleton (Crypt:1)
  A shining eye (shapeshifter) (Vaults:5)
  4 moths of wrath
  5 wolf spiders
  2 eleionoma zombies
  A frost giant skeleton (Depths:2)
  10 vault sentinels
  A guardian serpent (Zig:14)
  5 rust devils
  A black mamba (Zig:14)
  5 apocalypse crabs
  12 smoke demons
  A titan simulacrum (Depths:2)
  11 orange demons
  2 centaur skeletons (Crypt:1)
  A yaktaur (shapeshifter) (Abyss:3)
  An alligator snapping turtle zombie (Crypt:3)
  5 efreet
  2 hellions (Pan)
  12 freezing wraiths
  5 tormentors
  16 yaktaurs
  8 demonic crawlers
  A tengu conjurer (Depths:2)
  16 hellwings
  An ice devil (Pan)
  A bunyip simulacrum (Hell)
  A red devil (Pan)
  4 ancient zymes
  3 guardian mummies (Crypt:3)
  A bloated husk (Swamp:2)
  3 merfolk
  A harpy zombie (D:15)
  2 nameless horrors
  11 tarantellas
  6 tyrant leeches
  68 slime creatures
  A snapping turtle (Zig:16)
  13 hornets
  4 raiju (Abyss:2)
  A blink frog (Abyss:3)
  2 ettin zombies (Crypt:3)
  7 water elementals
  5 flying skulls (Crypt:1)
  17 jumping spiders
  A centaur simulacrum (Crypt:1)
  11 culicivoras
  6 wraiths
  A vampire (D:13)
  6 ynoxinuls (Pan)
  A yak (shapeshifter) (Vaults:5)
  A fire elemental (Elf:1)
  An alligator snapping turtle simulacrum (Hell)
  5 vampire mosquitoes
  A hog (D:12)
  23 redbacks
  6 chaos spawn (Pan)
  2 death yak simulacra
  A demonspawn zombie (Crypt:1)
  3 neqoxecs
  A naga (Zig:14)
  A harpy simulacrum (Hell)
  6 swamp worms
  A warg (shapeshifter) (Vaults:5)
  An acid dragon (D:12)
  A hell hound (Zig:25)
  5 swamp drakes (Swamp:4)
  A floating eye (Depths:4)
  2 orc warriors
  An ice beast (D:15)
  A snapping turtle zombie (Crypt:1)
  3 small abominations (Abyss:2)
  An ogre (D:14)
  A manticore skeleton (Crypt:2)
  An elephant skeleton (Crypt:2)
  A komodo dragon zombie (Crypt:2)
  A bullfrog (Lair:6)
  3 necrophages
  A cane toad simulacrum (IceCv)
  2 earth elementals
  A two-headed ogre simulacrum (D:13)
  A wyvern skeleton (Crypt:3)
  An electric eel (Spider:2)
  A wolf zombie (Crypt:1)
  9 starcursed masses
  A quasit (Abyss:2)
  5 hell rats (Hell)
  A spriggan simulacrum (D:13)
  A polar bear simulacrum (IceCv)
  A troll simulacrum (D:13)
  A wolf simulacrum (IceCv)
  An ufetubus (D:15)
  A starspawn tentacle (Zig:17)
  2 withered plants (Crypt:3)
1123 creatures vanquished.

Vanquished Creatures (others)
  2 golden dragons (Zig:26)
  A doom hound (Hell)
  A tentacled monstrosity (Zot:1)
  A deep elf master archer (Elf:3)
  An acid blob (Slime:5)
  A tentacled starspawn (Zig:17)
  The ghost of Topn the Fencer, an adept DrGl of Ashenzari (Depths:3)
  A draconian knight (Zot:1)
  An azure jelly (Slime:5)
  A rockslime (Zig:15)
  A deep elf sorcerer (Elf:3)
  A vault warden (Vaults:4)
  2 demonspawn corrupters (Zig:22)
  A stone giant (Depths:4)
  An ironbound preserver (Vaults:5)
  A vault guard (Vaults:5)
  An alligator (shapeshifter) (Vaults:5)
  A death knight (Crypt:1)
  A deep elf knight (Elf:2)
  2 sixfirhies
  A skeletal warrior (Crypt:1)
  A shadow demon (Zig:22)
  A deep elf zephyrmancer (Elf:3)
  2 swamp dragons (Swamp:4)
  2 deep trolls (Vaults:2)
  A deep elf pyromancer (Elf:3)
  A cyclops (Zig:16)
  A smoke demon (Zig:22)
  A hellion (Zig:22)
  2 yaktaurs (Vaults:5)
  2 bloated husks
  A hornet (Depths:3)
  3 slime creatures
  A spriggan (Depths:3)
  Duvessa (D:5)
  23 foxfires
  154 fulminant prisms
  26 fungi
  115 plants
  3 starspawn tentacles
  9 toadstools (Swamp:2)
  20 withered plants
394 creatures vanquished.

Grand Total: 4046 creatures vanquished

Notes
Turn   | Place    | Note
-------+----------+-------------------------------------------
     0 | D:1      | Dyamorph the Gnoll Wanderer began the quest for the Orb.
     0 | D:1      | Dyamorph set off with the following items: a +0 club, a
                  | potion of attraction, a scroll of fear, a +0 robe, a +0
                  | buckler of protection; and the following spell memorised:
                  | Pain; and the following spells available to memorise:
                  | Vampiric Draining
     0 | D:1      | Reached XP level 1. HP: 20/20 MP: 4/4
   239 | D:1      | Reached XP level 2. HP: 21/26 MP: 3/5
   807 | D:1      | Found a faded altar of an unknown god.
   834 | D:1      | Reached XP level 3. HP: 29/31 MP: 2/7
  1227 | D:2      | Reached skill level 1 in Invocations
  1678 | D:2      | Reached skill level 1 in Short Blades
  1678 | D:2      | Reached skill level 1 in Long Blades
  1678 | D:2      | Reached skill level 1 in Axes
  1678 | D:2      | Reached skill level 1 in Maces & Flails
  1678 | D:2      | Reached skill level 1 in Polearms
  1678 | D:2      | Reached skill level 1 in Staves
  1678 | D:2      | Reached skill level 1 in Slings
  1678 | D:2      | Reached skill level 1 in Bows
  1678 | D:2      | Reached skill level 1 in Crossbows
  1678 | D:2      | Reached skill level 1 in Throwing
  1678 | D:2      | Reached skill level 1 in Dodging
  1678 | D:2      | Reached skill level 1 in Stealth
  1678 | D:2      | Reached skill level 1 in Unarmed Combat
  1678 | D:2      | Reached skill level 1 in Evocations
  1743 | D:2      | Reached XP level 4. HP: 15/38 MP: 0/8
  2512 | D:3      | Reached skill level 1 in Conjurations
  2512 | D:3      | Reached skill level 1 in Hexes
  2512 | D:3      | Reached skill level 1 in Summonings
  2512 | D:3      | Reached skill level 1 in Translocations
  2512 | D:3      | Reached skill level 1 in Transmutations
  2512 | D:3      | Reached skill level 1 in Fire Magic
  2512 | D:3      | Reached skill level 1 in Ice Magic
  2512 | D:3      | Reached skill level 1 in Air Magic
  2512 | D:3      | Reached skill level 1 in Earth Magic
  2512 | D:3      | Reached skill level 1 in Poison Magic
  2660 | D:3      | Reached XP level 5. HP: 11/43 MP: 3/9
  3852 | D:3      | Reached XP level 6. HP: 50/50 MP: 8/10
  3888 | D:3      | Noticed a +0 dagger
  3888 | D:3      | Noticed a +0 dagger
  3891 | D:3      | Found a hide-covered altar of Uskayaw.
  4514 | D:4      | Noticed Blork the orc
  4522 | D:4      | Killed Blork the orc
  4523 | D:4      | Reached skill level 5 in Fighting
  4523 | D:4      | Reached skill level 5 in Shields
  4927 | D:5      | Entered Level 5 of the Dungeon
  4990 | D:5      | Noticed Duvessa
  4990 | D:5      | Noticed Dowan
  5026 | D:5      | Noticed Sigmund
  5041 | D:5      | Killed Sigmund
  5042 | D:5      | Reached XP level 7. HP: 44/56 MP: 10/12
  5375 | D:5      | Killed Duvessa
  5376 | D:5      | Reached XP level 8. HP: 63/63 MP: 12/14
  5385 | D:5      | Killed Dowan
  5792 | D:6      | Learned a level 2 spell: Searing Ray
  6194 | D:6      | Found a staircase to the Ecumenical Temple.
  6203 | Temple   | Entered the Ecumenical Temple
  6223 | Temple   | Became a worshipper of Ashenzari the Shackled
  6791 | D:6      | Identified the +8 dagger "Cuolulim" {freeze, rElec rPois
                  | Will- Dex+7}
  7370 | D:7      | Reached XP level 9. HP: 54/69 MP: 16/16
  7531 | D:7      | Reached skill level 5 in Necromancy
  7552 | D:7      | Noticed a gargoyle
  7839 | D:7      | Found a large runed translucent door.
  7839 | D:7      | Found a large runed translucent door.
  7841 | D:7      | Noticed Morbidden's ghost (novice TrMo)
  8006 | D:7      | Reached skill level 5 in Spellcasting
  8643 | D:8      | Identified a scroll of acquirement
  8643 | D:8      | Acquired a +2 helmet of see invisible
  8692 | D:8      | Reached * piety under Ashenzari
  8699 | D:8      | Learned a level 4 spell: Dispel Undead
  9755 | D:9      | Noticed a troll
  9759 | D:9      | Killed a troll
  9811 | D:9      | Reached skill level 5 in Invocations
  9829 | D:9      | Reached ** piety under Ashenzari
 10019 | D:9      | Reached XP level 10. HP: 60/77 MP: 18/18
 10065 | D:9      | Reached skill level 5 in Short Blades
 10065 | D:9      | Reached skill level 5 in Long Blades
 10065 | D:9      | Reached skill level 5 in Axes
 10065 | D:9      | Reached skill level 5 in Maces & Flails
 10065 | D:9      | Reached skill level 5 in Polearms
 10065 | D:9      | Reached skill level 5 in Staves
 10065 | D:9      | Reached skill level 5 in Slings
 10065 | D:9      | Reached skill level 5 in Bows
 10065 | D:9      | Reached skill level 5 in Crossbows
 10065 | D:9      | Reached skill level 5 in Throwing
 10065 | D:9      | Reached skill level 5 in Dodging
 10065 | D:9      | Reached skill level 5 in Stealth
 10065 | D:9      | Reached skill level 5 in Unarmed Combat
 10065 | D:9      | Reached skill level 5 in Evocations
 10151 | D:9      | Found a staircase to the Orcish Mines.
 10345 | D:9      | Identified the +3 scale mail of Bad Feelings {Harm rF+
                  | Int+2 Dex-4}
 10571 | D:9      | Noticed a manticore
 10589 | D:9      | Learned a level 4 spell: Fulminant Prism
 10624 | D:9      | Killed a manticore
 11131 | D:10     | Entered Level 10 of the Dungeon
 11344 | D:10     | Noticed a gargoyle
 11346 | D:10     | Killed a gargoyle
 11448 | D:10     | Reached *** piety under Ashenzari
 11460 | D:10     | Found a staircase to the Lair.
 11713 | Lair:1   | Entered Level 1 of the Lair of Beasts
 11716 | Lair:1   | Noticed a six-headed hydra
 11724 | Lair:1   | Killed a six-headed hydra
 11725 | Lair:1   | Reached XP level 11. HP: 84/84 MP: 20/20
 11780 | Lair:1   | Learned a level 4 spell: Sticky Flame
 11831 | D:10     | Reached skill level 5 in Conjurations
 11831 | D:10     | Reached skill level 5 in Hexes
 11831 | D:10     | Reached skill level 5 in Summonings
 11831 | D:10     | Reached skill level 5 in Translocations
 11831 | D:10     | Reached skill level 5 in Transmutations
 11831 | D:10     | Reached skill level 5 in Fire Magic
 11831 | D:10     | Reached skill level 5 in Ice Magic
 11831 | D:10     | Reached skill level 5 in Air Magic
 11831 | D:10     | Reached skill level 5 in Earth Magic
 11831 | D:10     | Reached skill level 5 in Poison Magic
 13070 | Lair:1   | Noticed a four-headed hydra
 13082 | Lair:1   | Killed a four-headed hydra
 13685 | Lair:1   | Noticed a manticore
 13692 | Lair:1   | Reached XP level 12. HP: 94/94 MP: 11/23
 14481 | Lair:2   | Found a dark tunnel.
 14585 | Lair:2   | Reached **** piety under Ashenzari
 14896 | Lair:2   | Noticed a boulder beetle
 14916 | Lair:2   | Killed a boulder beetle
 15458 | Lair:3   | Reached skill level 10 in Armour
 15499 | Lair:3   | Noticed an eight-headed hydra
 15640 | Lair:3   | Identified the +3 leather armour of Xois {rPois Will- Str+3
                  | Int+3}
 15974 | Lair:3   | Found a hole to the Spider Nest.
 16266 | Lair:3   | Noticed a five-headed hydra
 16274 | Lair:3   | Killed a five-headed hydra
 16275 | Lair:3   | Reached XP level 13. HP: 108/108 MP: 28/28
 16506 | Lair:3   | Learned a level 6 spell: Statue Form
 16571 | Lair:3   | Identified the cursed +0 troll leather armour of the Lashed
                  | Stars {Regen+, Cun, Melee} (You found it on level 9 of the
                  | Dungeon)
 16978 | Lair:3   | Gained mutation: You have a pair of small horns on your
                  | head. [mutagenic glow]
 17135 | Lair:3   | Found a staircase to the Swamp.
 17401 | Lair:4   | Noticed Nergalle
 17418 | Lair:4   | Killed Nergalle
 18116 | Lair:4   | Identified the cursed +0 pair of boots "Ennui of Ashenzari"
                  | {Comp, Melee} (You found it on level 3 of the Lair of
                  | Beasts)
 18680 | Lair:5   | Reached skill level 10 in Fighting
 18680 | Lair:5   | Reached skill level 10 in Shields
 18691 | Lair:5   | Reached XP level 14. HP: 115/116 MP: 30/30
 18866 | Lair:5   | Reached ***** piety under Ashenzari
 19358 | Lair:6   | Entered Level 6 of the Lair of Beasts
 19443 | Lair:5   | Identified the cursed +0 pair of gloves of the Enigmatic
                  | Urgency {Cun, Fort} (You found it on level 5 of the Lair of
                  | Beasts)
 19679 | Lair:6   | Reached skill level 10 in Invocations
 20240 | Lair:6   | Found a staircase to the Slime Pits.
 20341 | Lair:5   | Reached skill level 10 in Spellcasting
 20926 | Lair:6   | Identified the +3 short sword of Apilangu {flame, rC++}
 21043 | Lair:6   | Identified the +10 spear of Yphi Miu {speed, Fragile rF++
                  | Int+4 Dex-2}
 21044 | Lair:6   | Identified the amulet of Enwonk {RegenMP rElec rC+ Dex-4
                  | SInv}
 21045 | Lair:6   | Identified the +3 buckler "Tecoag Zack" {rN+}
 21125 | Lair:6   | Reached ****** piety under Ashenzari
 21487 | Orc:1    | Entered Level 1 of the Orcish Mines
 21847 | Orc:2    | Entered Level 2 of the Orcish Mines
 21852 | Orc:2    | Learned a level 3 spell: Frozen Ramparts
 22004 | Orc:1    | Reached XP level 15. HP: 127/127 MP: 30/33
 22305 | Orc:1    | Noticed an orc warlord
 22305 | Orc:1    | Noticed an orc warlord
 22523 | Orc:1    | Killed an orc warlord
 22651 | Orc:2    | Killed an orc warlord
 23197 | Orc:2    | Found Elyni's Antique Armour Boutique.
 23276 | Orc:2    | Found a staircase to the Elven Halls.
 23301 | Orc:2    | Reached skill level 10 in Short Blades
 23301 | Orc:2    | Reached skill level 10 in Long Blades
 23301 | Orc:2    | Reached skill level 10 in Axes
 23301 | Orc:2    | Reached skill level 10 in Maces & Flails
 23301 | Orc:2    | Reached skill level 10 in Polearms
 23301 | Orc:2    | Reached skill level 10 in Staves
 23301 | Orc:2    | Reached skill level 10 in Slings
 23301 | Orc:2    | Reached skill level 10 in Bows
 23301 | Orc:2    | Reached skill level 10 in Crossbows
 23301 | Orc:2    | Reached skill level 10 in Throwing
 23301 | Orc:2    | Reached skill level 10 in Dodging
 23301 | Orc:2    | Reached skill level 10 in Stealth
 23301 | Orc:2    | Reached skill level 10 in Unarmed Combat
 23301 | Orc:2    | Reached skill level 10 in Evocations
 23318 | Orc:2    | Paralysed by an orc sorcerer for 7 turns
 23325 | Orc:2    | Gained mutation: You are clumsy. (Dex -2) [a neqoxec]
 23423 | Orc:2    | Noticed an orc warlord
 23444 | Orc:2    | Cast into level 3 of the Abyss (orc warlord)
 23689 | Abyss:3  | Noticed a lich
 23800 | Orc:2    | Escaped the Abyss
 23820 | Orc:2    | Killed an orc warlord
 23983 | Orc:2    | Noticed an orc warlord
 24014 | Orc:2    | Killed an orc warlord
 24114 | Orc:2    | Found Fijilyel's Antique Weapon Boutique.
 24623 | Orc:2    | Found Itirify's General Store.
 24644 | Orc:2    | Found Nerrul's Book Boutique.
 24644 | Orc:2    | Paralysed by an orc sorcerer for 5 turns
 24775 | Orc:2    | Bought a warped rapier for 198 gold pieces
 24775 | Orc:2    | Identified the +7 rapier of Makhleb's Benevolence {flame,
                  | rC++ rN+} (You bought it in a shop on level 2 of the Orcish
                  | Mines)
 24775 | Orc:2    | Bought a warped hunting sling for 143 gold pieces
 24775 | Orc:2    | Identified the +3 hunting sling of Abuse {flame, rElec rF+
                  | SInv} (You bought it in a shop on level 2 of the Orcish
                  | Mines)
 24791 | Orc:2    | Bought a book of Power for 630 gold pieces
 26224 | D:12     | Noticed Azrael
 26231 | D:12     | Killed Azrael
 26440 | D:12     | Noticed Kirke
 26496 | D:12     | Identified the cursed scarf of Ashenzari's Portent {rC+
                  | rF+, Bglg, Range} (You found it on level 6 of the Lair of
                  | Beasts)
 26496 | D:12     | Identified the cursed +2 hat of Ashenzari's Fetters {Range,
                  | Alch} (You found it on level 1 of the Dungeon)
 26496 | D:12     | Identified the cursed +0 buckler "Eternal Discomfort"
                  | {AC+3, Range, Melee}
 26496 | D:12     | Identified the cursed ring "Share My Oblivion" {Wiz, Cun,
                  | Fort} (You found it on level 3 of the Dungeon)
 26621 | D:12     | Learned a level 6 spell: Iron Shot
 26629 | D:12     | Learned a level 7 spell: Spellforged Servitor
 26876 | D:12     | Killed Kirke
 27057 | D:13     | Found a frozen archway.
 27103 | IceCv    | Entered an ice cave
 27121 | IceCv    | Found a transporter.
 27127 | IceCv    | Identified the +0 quarterstaff of Purpose {vamp, Int+2}
 27151 | IceCv    | Found a transporter.
 27206 | IceCv    | Reached XP level 16. HP: 124/132 MP: 29/33
 27473 | D:13     | Found a gate to the Vaults.
 28011 | D:14     | Found a bloodstained altar of Trog.
 28250 | D:14     | Found a blossoming altar of Fedhas.
 28444 | D:15     | Entered Level 15 of the Dungeon
 28608 | D:15     | Identified the ring of Obsession {*Slow rC+++ Int+9 Dex+6
                  | Slay-2}
 28778 | D:15     | Reached skill level 10 in Necromancy
 28837 | D:15     | Found a basalt altar of Yredelemnul.
 29264 | D:15     | Identified the +0 chain mail of Onleh {rElec rPois}
 29413 | D:15     | Noticed Agiyn's ghost (adept DjCj)
 29414 | D:15     | Found a runed translucent door.
 29433 | D:15     | Killed Agiyn's ghost
 29487 | D:15     | Found a staircase to the Depths.
 29991 | Swamp:1  | Entered Level 1 of the Swamp
 30667 | Swamp:2  | Reached XP level 17. HP: 144/144 MP: 32/36
 31913 | Swamp:4  | Entered Level 4 of the Swamp
 31940 | Swamp:4  | Noticed Bai Suzhen
 31957 | Swamp:4  | Killed Bai Suzhen
 32101 | Swamp:4  | Reached skill level 10 in Conjurations
 32101 | Swamp:4  | Reached skill level 10 in Hexes
 32101 | Swamp:4  | Reached skill level 10 in Summonings
 32101 | Swamp:4  | Reached skill level 10 in Translocations
 32101 | Swamp:4  | Reached skill level 10 in Transmutations
 32101 | Swamp:4  | Reached skill level 10 in Fire Magic
 32101 | Swamp:4  | Reached skill level 10 in Ice Magic
 32101 | Swamp:4  | Reached skill level 10 in Air Magic
 32101 | Swamp:4  | Reached skill level 10 in Earth Magic
 32101 | Swamp:4  | Reached skill level 10 in Poison Magic
 32844 | Swamp:4  | Got a decaying rune of Zot
 33108 | Spider:1 | Entered Level 1 of the Spider Nest
 33219 | Spider:1 | Reached XP level 18. HP: 153/153 MP: 17/38
 33227 | Spider:1 | Noticed Asterion
 33350 | Lair:3   | Killed Asterion
 33568 | Spider:1 | Lost mutation: You have a pair of small horns on your head.
                  | [potion of mutation]
 33568 | Spider:1 | Lost mutation: You are clumsy. (Dex -2) [potion of
                  | mutation]
 33568 | Spider:1 | Gained mutation: Your spells are a little harder to cast,
                  | but a little more powerful. [potion of mutation]
 33568 | Spider:1 | Gained mutation: You are partially covered in iridescent
                  | scales. (AC +2) [potion of mutation]
 33568 | Spider:1 | Gained mutation: Your flesh is heat resistant. (rF+)
                  | [potion of mutation]
 33591 | Spider:1 | Noticed Louise
 33604 | Spider:1 | Killed Louise
 35819 | Spider:3 | Identified the +1 leather armour "Fydut" {-Tele rC++ Dex+3}
 36297 | Spider:4 | Entered Level 4 of the Spider Nest
 36976 | Spider:4 | Reached XP level 19. HP: 161/161 MP: 17/40
 37342 | Spider:4 | Noticed Arachne
 37363 | Spider:4 | Killed Arachne
 37618 | Spider:4 | Identified the +1 pair of gloves of Noon {rCorr Dex+3}
 37662 | Spider:4 | Got a gossamer rune of Zot
 38377 | Vaults:1 | Entered Level 1 of the Vaults
 38803 | Vaults:1 | Identified the +1 cloak of Jawiras {*Corrode Str-2 Dex+8}
 38877 | Vaults:1 | Learned a level 8 spell: Discord
 38901 | Vaults:1 | Noticed Zenata
 38908 | Vaults:1 | Killed Zenata
 39550 | Vaults:1 | Identified the +12 arbalest of Kufypsui {vorpal, Fly SInv}
 39554 | Vaults:1 | Identified the +5 arbalest "Arcanum" {speed, rElec rC+
                  | Dex+3}
 40451 | Vaults:2 | Reached XP level 20. HP: 170/170 MP: 38/41
 40847 | Vaults:2 | Reached skill level 15 in Armour
 41547 | Vaults:2 | Found a staircase to the Crypt.
 41583 | Vaults:2 | Reached skill level 15 in Invocations
 41767 | Vaults:3 | Upgraded the game from 0.29-a0-333-gb4c28e87c6 to
                  | 0.29-a0-334-gb41bcbb86e
 41964 | Vaults:3 | Found a runed translucent door.
 41967 | Vaults:3 | Noticed Olga's ghost (adept MfAK)
 41967 | Vaults:3 | Identified the +9 hunting sling "Goblin's Bane" {venom,
                  | Drain rElec rN+ SInv}
 41968 | Vaults:3 | Identified the +1 ring mail "Ubbulohy" {Dex+7}
 41991 | Vaults:3 | Paralysed by a great orb of eyes for 7 turns
 43272 | Vaults:4 | Found a flickering gateway to a bazaar.
 43280 | Bazaar   | Entered a bazaar
 43280 | Bazaar   | Found Dunwairi's General Store.
 43280 | Bazaar   | Found Jeawkud's General Store.
 43280 | Bazaar   | Found Mogesedd's Antique Weapon Shop.
 43280 | Bazaar   | Found Upodi's Armour Shoppe.
 43282 | Bazaar   | Found Canwasmirph's Armour Shop.
 43282 | Bazaar   | Found Rudidd's Magic Scroll Emporium.
 43320 | Bazaar   | Bought the ring "Zapav" {rPois Str+6 Dex+7 Slay+2} for 1065
                  | gold pieces
 43320 | Bazaar   | Bought a scroll of blinking for 127 gold pieces
 43325 | Bazaar   | Bought a potion of heal wounds for 50 gold pieces
 43328 | Bazaar   | Bought a crystal hand crossbow for 306 gold pieces
 43328 | Bazaar   | Identified the +10 hand crossbow of Disharmony {flame, rF+
                  | Dex+3 Stlth-} (You bought it in a shop in a bazaar)
 43342 | Bazaar   | Bought the +8 fire dragon scales of Baiduijo {rElec rF++
                  | rC- Str+8 Dex-4} for 1614 gold pieces
 43517 | Vaults:4 | Lost mutation: Your spells are a little harder to cast, but
                  | a little more powerful. [potion of mutation]
 43517 | Vaults:4 | Lost mutation: Your flesh is heat resistant. (rF+) [potion
                  | of mutation]
 43517 | Vaults:4 | Lost mutation: You are partially covered in iridescent
                  | scales. (AC +2) [potion of mutation]
 43517 | Vaults:4 | Gained mutation: You are somewhat resistant to further
                  | mutation. [potion of mutation]
 44086 | Vaults:4 | Reached XP level 21. HP: 130/177 MP: 33/42
 44649 | Vaults:4 | Noticed Xtahua
 44660 | Vaults:4 | Killed Xtahua
 44958 | Vaults:4 | Paralysed by a great orb of eyes for 7 turns
 45567 | Elf:1    | Entered Level 1 of the Elven Halls
 45630 | Elf:1    | Found Xodded's Antique Weapon Shoppe.
 45796 | Elf:1    | Noticed Agnes
 45799 | Elf:1    | Found a portal to a secret trove of treasure.
 45800 | Elf:1    | Killed Agnes
 45801 | Elf:1    | Reached skill level 15 in Fighting
 45801 | Elf:1    | Reached skill level 15 in Shields
 46293 | Elf:2    | Identified the +0 robe of the Evening {Harm rElec}
 46351 | Elf:2    | Found a runed translucent gate.
 46353 | Elf:2    | Found a runed translucent gate.
 46362 | Elf:2    | Found a runed translucent gate.
 46464 | Elf:2    | Found Daseen Uwoch's Antique Armour Emporium.
 46472 | Elf:2    | Bought a pair of embroidered boots for 202 gold pieces
 46545 | Elf:2    | Identified the ring of Orynugogg {rCorr Int+6}
 47297 | Elf:3    | Entered Level 3 of the Elven Halls
 47882 | Elf:3    | Identified the cursed +2 pair of boots of the Omniscient
                  | Portent {Fly, Elem, Bglg} (You bought it in a shop on level
                  | 2 of the Elven Halls)
 48082 | Elf:3    | Identified the +10 war axe of Feirphe {vamp, Str+3}
 48093 | Elf:3    | Cast into level 2 of the Abyss (a deep elf demonologist)
 48382 | Abyss:2  | Noticed a profane servitor
 48474 | Elf:3    | Escaped the Abyss
 48505 | Elf:3    | Reached skill level 15 in Spellcasting
 48532 | Elf:3    | Identified the amulet of Honesty {rF+ Regen+ Int+4 Dex+5}
 48654 | Elf:3    | Reached XP level 22. HP: 188/188 MP: 33/44
 48661 | Elf:3    | Cast into level 2 of the Abyss (a deep elf sorcerer)
 48809 | Elf:3    | Escaped the Abyss
 49166 | Elf:3    | Cast into level 2 of the Abyss (a deep elf demonologist)
 49189 | Elf:3    | Escaped the Abyss
 49372 | Elf:3    | Identified the +6 dagger "Ytsaoge" {freeze, Int+4}
 49372 | Elf:3    | Identified the +12 great mace "Qesugep" {flame, rPois
                  | Stlth+}
 49376 | Elf:3    | Identified the Disquisition on the Freezing Compass
 49483 | Elf:3    | Identified the +0 leather armour of the Elephant {Regen+
                  | rCorr Slay-6}
 50212 | Depths:1 | Entered Level 1 of the Depths
 50292 | Depths:1 | Found a gateway to Hell.
 50451 | Depths:1 | Found a one-way gateway to a ziggurat.
 50563 | Depths:1 | Reached skill level 15 in Short Blades
 50563 | Depths:1 | Reached skill level 15 in Long Blades
 50563 | Depths:1 | Reached skill level 15 in Axes
 50563 | Depths:1 | Reached skill level 15 in Maces & Flails
 50563 | Depths:1 | Reached skill level 15 in Polearms
 50563 | Depths:1 | Reached skill level 15 in Staves
 50563 | Depths:1 | Reached skill level 15 in Slings
 50563 | Depths:1 | Reached skill level 15 in Bows
 50563 | Depths:1 | Reached skill level 15 in Crossbows
 50563 | Depths:1 | Reached skill level 15 in Throwing
 50563 | Depths:1 | Reached skill level 15 in Dodging
 50563 | Depths:1 | Reached skill level 15 in Stealth
 50563 | Depths:1 | Reached skill level 15 in Unarmed Combat
 50563 | Depths:1 | Reached skill level 15 in Evocations
 50593 | Depths:1 | Learned a level 8 spell: Infestation
 50891 | Depths:1 | Found the ring of the Tortoise {AC+8}
 50903 | Depths:1 | Found a bloodstained altar of Trog.
 52523 | Depths:2 | Found a one-way gate leading to the halls of Pandemonium.
 53055 | Depths:3 | Found Boykegeh's Antique Weapon Boutique.
 53058 | Depths:3 | Noticed a golden dragon
 53066 | Depths:3 | Killed a golden dragon
 53101 | Depths:3 | Bought a glimmering spear for 376 gold pieces
 53101 | Depths:3 | Identified the +4 spear of Excruciating Pain {vorpal, rElec
                  | Dex+3} (You bought it in a shop on level 3 of the Depths)
 53174 | Depths:3 | Found a one-way gate to the infinite horrors of the Abyss.
 53181 | Depths:3 | Reached XP level 23. HP: 196/196 MP: 46/46
 53275 | Depths:3 | Found a transporter.
 53459 | Depths:3 | Found a bloodstained altar of Trog.
 53459 | Depths:3 | Noticed Topn's ghost (adept DrGl)
 53459 | Depths:3 | Found the +3 crown of Dyrovepreva {rElec Int+2 SInv}
 53466 | Depths:3 | Found a transporter.
 53478 | Depths:3 | Noticed a juggernaut
 53515 | Depths:3 | Noticed a juggernaut
 53538 | Depths:3 | Killed Topn's ghost
 53544 | Depths:3 | Killed a juggernaut
 53559 | Depths:3 | Killed a juggernaut
 53869 | Depths:3 | Found a shimmering blue altar of Sif Muna.
 53917 | Depths:3 | Noticed Mara
 53918 | Depths:3 | Noticed Dyamorph's illusion
 54091 | Depths:3 | Found a transporter.
 54400 | Depths:3 | Killed Mara
 54443 | Depths:3 | Noticed a juggernaut
 54445 | Depths:3 | Identified the +7 double sword "Hujai" {flame, rElec rN+
                  | Str-5}
 54446 | Depths:3 | Found a bloodstained altar of Trog.
 54446 | Depths:3 | Identified the +12 plate armour "Famneh" {Int+2}
 54446 | Depths:3 | Found the +8 Wrath of Trog {antimagic, *Rage Rampage}
 54637 | Depths:4 | Entered Level 4 of the Depths
 54668 | Depths:4 | Paralysed by a floating eye for 3 turns
 55764 | Depths:4 | Noticed a golden dragon
 55954 | Depths:4 | Noticed a golden dragon
 55981 | Depths:4 | Killed a golden dragon
 56081 | Depths:4 | Killed a golden dragon
 56087 | Depths:4 | Found a gate to the Realm of Zot.
 56176 | Depths:4 | Found Ipyu's Book Boutique.
 56176 | Depths:4 | Found Rucotoe's Jewellery Shoppe.
 56177 | Depths:4 | Found Jiaxunle's Book Boutique.
 56227 | Depths:4 | Found a sparkling altar of Nemelex Xobeh.
 56708 | Vaults:5 | Entered Level 5 of the Vaults
 56735 | Vaults:5 | Reached XP level 24. HP: 149/203 MP: 4/46
 56957 | Vaults:5 | Identified the +4 arbalest "Xevaom" {flame, rC+}
 57118 | Vaults:5 | Identified the +1 dagger "Juvowai" {vorpal, rC- rCorr
                  | Int+2}
 57150 | Vaults:5 | Noticed an ancient lich
 57155 | Vaults:5 | Killed an ancient lich
 57699 | Vaults:5 | Noticed Frederick
 57707 | Vaults:5 | Killed Frederick
 57902 | Vaults:5 | Identified the +3 great sword "Matays" {vamp, rF+ Will+}
 58072 | Vaults:5 | Identified the ring of Birdsong {Wiz SInv}
 58074 | Vaults:5 | Identified the ring "Hiykhlor" {rPois rF+ rC+ Will-}
 58131 | Vaults:5 | Got a silver rune of Zot
 58733 | Vaults:5 | Noticed Mennas
 59103 | Vaults:5 | Learned a level 8 spell: Maxwell's Capacitive Coupling
 59118 | Vaults:5 | Killed Mennas
 59874 | Slime:1  | Entered Level 1 of the Pits of Slime
 61876 | Slime:4  | Gained mutation: You are clumsy. (Dex -2) [a shining eye]
 62358 | Slime:5  | Entered Level 5 of the Pits of Slime
 62378 | Slime:5  | Reached XP level 25. HP: 203/214 MP: 27/47
 62756 | Slime:5  | Paralysed by a floating eye for 3 turns
 62760 | Slime:5  | Gained mutation: You occasionally shout uncontrollably at
                  | your foes. [a shining eye]
 63049 | Slime:5  | Found the amulet of the Air {Inacc Air Fly rElec RMsl}
 63062 | Slime:5  | Found the +9 scales of the Dragon King {rPois rF+ rC+
                  | Will+}
 63111 | Slime:5  | Noticed the Royal Jelly
 63121 | Slime:5  | Killed the Royal Jelly
 63226 | Slime:5  | Identified the +3 battleaxe of the Sugar Beet {flame,
                  | rPois}
 63275 | Slime:5  | Got a slimy rune of Zot
 64055 | Crypt:1  | Entered Level 1 of the Crypt
 64249 | Crypt:1  | Identified the amulet of Mulujegg {RegenMP Int+3 Slay+6
                  | Stlth-}
 64371 | Crypt:1  | Reached skill level 15 in Necromancy
 65440 | Crypt:1  | Found an ancient bone altar of Kikubaaqudgha.
 66061 | Crypt:1  | Identified the +3 chain mail of the Cockroach {Rampage
                  | +Blink rF+ rCorr}
 66261 | Crypt:2  | Found an ancient bone altar of Kikubaaqudgha.
 66707 | Crypt:2  | Reached XP level 26. HP: 181/223 MP: 41/48
 67053 | Crypt:2  | Paralysed by a vampire knight for 6 turns
 67428 | Crypt:3  | Entered Level 3 of the Crypt
 67773 | Crypt:3  | Found a staircase to the Tomb.
 68274 | Crypt:3  | Identified the Reference Book on Snow and Necromancy
 68321 | Crypt:3  | Noticed an ancient lich
 68323 | Crypt:3  | Identified the Grimoire of Damaging Displacement
 68325 | Crypt:3  | Noticed a dread lich
 68523 | Crypt:3  | Learned a level 8 spell: Ignition
 68581 | Crypt:3  | Identified Khufu's Disquisition on Unholy Arts
 68661 | Crypt:3  | Reached skill level 15 in Conjurations
 68661 | Crypt:3  | Reached skill level 15 in Hexes
 68661 | Crypt:3  | Reached skill level 15 in Summonings
 68661 | Crypt:3  | Reached skill level 15 in Translocations
 68661 | Crypt:3  | Reached skill level 15 in Transmutations
 68661 | Crypt:3  | Reached skill level 15 in Fire Magic
 68661 | Crypt:3  | Reached skill level 15 in Ice Magic
 68661 | Crypt:3  | Reached skill level 15 in Air Magic
 68661 | Crypt:3  | Reached skill level 15 in Earth Magic
 68661 | Crypt:3  | Reached skill level 15 in Poison Magic
 68705 | Crypt:3  | Found an ancient bone altar of Kikubaaqudgha.
 69002 | Crypt:3  | Killed an ancient lich
 69004 | Crypt:3  | Paralysed by a dread lich for 4 turns
 69010 | Crypt:3  | Killed a dread lich
 69088 | Crypt:3  | Learned a level 8 spell: Necromutation
 69826 | Hell     | Entered the Vestibule of Hell
 69826 | Hell     | Noticed Geryon
 71463 | Hell     | Killed Geryon
 71541 | Hell     | Reached XP level 27. HP: 214/231 MP: 5/48
 71831 | Elf:1    | You paid a toll of the horn of Geryon to enter a treasure
                  | trove
 71832 | Trove    | Entered a treasure trove
 72289 | Zot:1    | Entered Level 1 of the Realm of Zot
 73652 | Zig:1    | Entered Level 1 of a ziggurat
 73670 | Zig:2    | Entered Level 2 of a ziggurat
 73762 | Zig:3    | Entered Level 3 of a ziggurat
 73764 | Zig:3    | Identified the +7 scimitar of Kyshryj {flame, rN+}
 73937 | Zig:4    | Entered Level 4 of a ziggurat
 73976 | Zig:5    | Entered Level 5 of a ziggurat
 74178 | Zig:6    | Entered Level 6 of a ziggurat
 74191 | Zig:6    | Identified the +6 spear of the New World {speed, rN+ SInv}
 74459 | Zig:7    | Entered Level 7 of a ziggurat
 74476 | Zig:7    | Identified the +0 leather armour "Feuhiwn" {rPois Int+5
                  | Stlth+}
 74476 | Zig:7    | Found the +2 cloak of the Thief {*Fog Slay-2 SInv Stlth+}
 74476 | Zig:7    | Identified Iskenderun's Guide on Blows and Bruises
 74638 | Zig:8    | Entered Level 8 of a ziggurat
 74854 | Zig:9    | Entered Level 9 of a ziggurat
 74858 | Zig:9    | Noticed a juggernaut
 74864 | Zig:9    | Killed a juggernaut
 75072 | Zig:10   | Entered Level 10 of a ziggurat
 75084 | Zig:10   | Identified the amulet of the Fiend {Spirit +Inv rPois}
 75086 | Zig:10   | Identified the +1 leather armour "Losmaf" {rElec Regen+
                  | Str-5 Stlth+}
 75281 | Zig:11   | Entered Level 11 of a ziggurat
 75298 | Zig:11   | Identified the +6 glaive of Eternal Vigilance {vorpal,
                  | rElec}
 75299 | Zig:11   | Identified the +10 swamp dragon scales "Ajaos" {+Blink
                  | rElec rPois rF- Int+2}
 75470 | Zig:12   | Entered Level 12 of a ziggurat
 75482 | Zig:12   | Identified the Guide on Confrontation and Moulding
 75483 | Zig:12   | Found the +3 robe of Clouds {*Thunder rCloud rElec}
 75483 | Zig:12   | Identified the +6 rapier of Ragarheu {speed, rPois MP+9
                  | Str-3}
 75682 | Zig:13   | Entered Level 13 of a ziggurat
 75690 | Zig:13   | Identified the ring "Gauwity" {EV+4 Str+3}
 75694 | Zig:13   | Noticed Buser the pandemonium lord
 75707 | Zig:13   | Killed Buser the pandemonium lord
 75720 | Zig:13   | Identified the Collected Works on Sinister Rites
 75897 | Zig:14   | Entered Level 14 of a ziggurat
 75924 | Zig:14   | Identified Sif Muna's Grimoire of the Burning Snowflakes
 75925 | Zig:14   | Identified the +6 trident of Reapportionment {spect,
                  | Stlth+}
 76148 | Zig:15   | Entered Level 15 of a ziggurat
 76163 | Zig:15   | Found the +18 shield of the Gong {rElec rN+ Will+ EV-5}
 76328 | Zig:16   | Entered Level 16 of a ziggurat
 76341 | Zig:16   | Identified the Almanac of Moulding and Evil Rituals
 76343 | Zig:16   | Found the +15 Maxwell's patent armour {-Cast -Tele rElec
                  | Will+ rCorr}
 76343 | Zig:16   | Found the +3 pair of gauntlets of War {Slay+5}
 76344 | Zig:16   | Identified the +10 plate armour of Kaisop {Dex+3}
 76674 | Zig:17   | Entered Level 17 of a ziggurat
 76682 | Zig:17   | Identified the +4 tower shield of the Undertaker {rPois
                  | Int+4}
 76708 | Zig:17   | Paralysed by accursed screaming for 1 turns
 76728 | Zig:17   | Identified the Grimoire of Poison and Flight
 76852 | Zig:17   | Identified the +11 hand axe "Muroef" {antimagic, rElec rC+}
 76881 | Zig:17   | Acquired the +8 orange crystal plate armour {Archmagi,
                  | Int+3 Clar}
 76881 | Zig:17   | Found the +8 orange crystal plate armour {Archmagi, Int+3
                  | Clar}
 77108 | Zig:18   | Entered Level 18 of a ziggurat
 77119 | Zig:18   | Identified the ring "Fimoyxt" {rN+ Str+4}
 77127 | Zig:18   | Identified the +0 barding of Midwinter {rF+ Str-2 Int+6}
 77655 | Zig:19   | Entered Level 19 of a ziggurat
 77675 | Zig:19   | Identified the +9 falchion of Moliga {distort, rPois Will-
                  | Int+5 Stlth-}
 77964 | Zig:20   | Entered Level 20 of a ziggurat
 77977 | Zig:20   | Noticed an ancient lich
 77977 | Zig:20   | Noticed a dread lich
 77978 | Zig:20   | Noticed an ancient lich
 77978 | Zig:20   | Noticed a dread lich
 77978 | Zig:20   | Noticed an ancient lich
 77978 | Zig:20   | Found the +10 tower shield of Ignorance {rN+ Int-4}
 77978 | Zig:20   | Identified the ring of Ageruoc {rF+ MP+9 Str+5}
 77978 | Zig:20   | Identified the Compendium of Vitriolic Clay
 77981 | Zig:20   | Killed an ancient lich
 77982 | Zig:20   | Killed an ancient lich
 77982 | Zig:20   | Killed an ancient lich
 77985 | Zig:20   | Killed a dread lich
 77987 | Zig:20   | Noticed an ancient lich
 77989 | Zig:20   | Noticed an ancient lich
 77989 | Zig:20   | Noticed a dread lich
 77989 | Zig:20   | Identified the Handbook of Harmful Venom
 77989 | Zig:20   | Identified the ring of Tegoa {Str+4 Int+6}
 77990 | Zig:20   | Identified the +5 hand crossbow "Afaac" {vorpal, rPois rC+
                  | Int-3}
 77991 | Zig:20   | Killed a dread lich
 77992 | Zig:20   | Killed a dread lich
 77993 | Zig:20   | Killed an ancient lich
 77993 | Zig:20   | Killed an ancient lich
 78324 | Zig:20   | Identified the ring "Murhydel" {rF+ Int+4 Dex-3 SInv
                  | Stlth+}
 78496 | Zig:21   | Entered Level 21 of a ziggurat
 78506 | Zig:21   | Identified the +1 ring mail of the Frog {Str+2}
 78517 | Zig:21   | Identified the +11 great sword "Zunaot" {protect, Str+4}
 78518 | Zig:21   | Identified the Incunabulum of Conjuration
 78518 | Zig:21   | Identified the Disquisition on the Oath and Conjuration
 78809 | Zig:22   | Entered Level 22 of a ziggurat
 78828 | Zig:22   | Noticed Munokh the pandemonium lord
 78852 | Zig:22   | Killed Munokh the pandemonium lord
 78857 | Zig:22   | Identified Sif Muna's Volume of the Escort
 78857 | Zig:22   | Identified the Papyrus of Bewitchment and the Frostbite
 78857 | Zig:22   | Identified the +7 morningstar of Esynkeus {freeze, Dex+4}
 78857 | Zig:22   | Identified the +0 helmet of Lethargy {rC- Dex+7 Stlth+}
 78866 | Zig:23   | Entered Level 23 of a ziggurat
 78947 | Zig:23   | Identified the +7 whip of Incongruity {vorpal, rN+ rCorr
                  | Int+3 Dex-3}
 78947 | Zig:23   | Identified the ring "Intiaw" {Will+ Int+4}
 78948 | Zig:23   | Identified the Catalogue of Execration and the Traveller
 78953 | Zig:23   | Identified the amulet "Woemusa" {Faith +Blink +Inv rC-
                  | SInv}
 79060 | Zig:23   | Lost mutation: You are clumsy. (Dex -2) [potion of
                  | mutation]
 79060 | Zig:23   | Lost mutation: You occasionally shout uncontrollably at
                  | your foes. [potion of mutation]
 79108 | Zig:24   | Entered Level 24 of a ziggurat
 79135 | Zig:24   | Identified the Disquisition on Congealing Calling
 79271 | Zig:24   | Identified the Papyrus of Nocuous Fire
 79351 | Zig:25   | Entered Level 25 of a ziggurat
 79363 | Zig:25   | Paralysed by you for 5 turns
 79388 | Zig:25   | Identified the Handbook of Cloudy Sinister Rites
 79388 | Zig:25   | Identified the +8 trident of Valuable Assets {drain, Int+4}
 79388 | Zig:25   | Identified the +2 dagger "Arbiter" {freeze, rElec rC++
                  | Str-2 Stlth+}
 79388 | Zig:25   | Found the +7 Spriggan's Knife {stab, EV+4 Stlth+}
 79389 | Zig:25   | Identified the +6 rapier of the Spider Nest {vorpal, rElec
                  | Str+4}
 79389 | Zig:25   | Identified the +1 robe "Qyhaanno" {Will+}
 79390 | Zig:25   | Identified the Handbook of Calling
 79390 | Zig:25   | Identified the +5 hunting sling of Kyrra {vorpal, rC+
                  | Stlth+}
 79681 | Zig:26   | Entered Level 26 of a ziggurat
 79684 | Zig:26   | Paralysed by a floating eye for 2 turns
 79721 | Zig:26   | Identified the +2 war axe of Vellakh {speed, *Rage rPois
                  | Int+6 Stlth-}
 79726 | Zig:26   | Identified the Incunabulum of the Rocks
 79752 | Zig:26   | Identified the +4 demon blade "Sopuz" {freeze, *Noise rElec
                  | rN++ Dex+2}
 79982 | Zig:27   | Entered Level 27 of a ziggurat
 80005 | Zig:27   | Identified the Incunabulum of Earthen Fascination
 80005 | Zig:27   | Identified the +8 great sword of Ilaogred {speed, Dex+3}
 80005 | Zig:27   | Identified the +8 longbow "Veasoemp" {venom, rC+ Str-2
                  | Dex+2}
 80272 | Zig:27   | Learned a level 9 spell: Shatter
 80466 | Depths:3 | Voluntarily entered the Abyss.
 80480 | Abyss:2  | Found a bloodstained altar of Trog.
 80490 | Abyss:2  | Found a corrupted altar of Lugonu.
 80910 | Abyss:2  | Paralysed by a great orb of eyes for 4 turns
 81222 | Abyss:2  | Identified the +10 spear "Sycucuil" {pain, rF- rC+ Str+4}
 81509 | Abyss:5  | Entered Level 5 of the Abyss
 81528 | Abyss:5  | Found a transporter.
 81538 | Abyss:5  | Found a transporter.
 81540 | Abyss:5  | Got an abyssal rune of Zot
 81558 | Depths:3 | Escaped the Abyss
 81876 | Depths:3 | Found a transporter.
 81877 | Depths:3 | Found a runed translucent door.
 81903 | Depths:3 | Killed a juggernaut
 82213 | Pan      | Entered Pandemonium
 82467 | Pan      | Noticed Rututeb the pandemonium lord
 82496 | Pan      | Killed Rututeb the pandemonium lord
 82699 | Pan      | Identified the +8 dagger of Evil {spect, Str-5 Dex+6}
 82785 | Pan      | Noticed Ogeiw the pandemonium lord
 82826 | Pan      | Found a huge runed translucent gate.
 82826 | Pan      | Found a huge runed translucent gate.
 82827 | Pan      | Found a huge runed translucent gate.
 83254 | Pan      | Found a huge runed translucent gate.
 83254 | Pan      | Found a huge runed translucent gate.
 83254 | Pan      | Found a huge runed translucent gate.
 83255 | Pan      | Found a huge runed translucent gate.
 83858 | Pan      | Killed Ogeiw the pandemonium lord
 84571 | Pan      | Noticed Xaom the pandemonium lord
 84577 | Pan      | Killed Xaom the pandemonium lord
 85520 | Pan      | Noticed Huof the pandemonium lord
 86828 | Pan      | Noticed Ividacua the pandemonium lord
 86837 | Pan      | Killed Ividacua the pandemonium lord
 86859 | Pan      | Killed from afar by a smoke demon

Illustrated notes

Levels and vault maps discovered:
D:1:      roderic_dead_forest, layout_rooms, basic_ecumenical_altar,
          chequers_serial_rivers_small_3
D:2:      layout_loops_ring, minmay_ruptured
D:3:      layout_rooms, dancing_weapons_uskayaw
D:4:      layout_loops_ring, uniq_blork_the_orc
D:5:      layout_basic, nrook_campfire, uniq_duvessa, uniq_sigmund
D:6:      layout_loops_ring, minmay_temple_entry_trees
D:7:      layout_loops_corners, ebering_ghost_disaster_area
D:8:      layout_loops_ring
D:9:      layout_stronghold, orc_0_dummy
D:10:     layout_basic, lair_entry_dummy, minmay_misc_feat_chi
D:11:     layout_rooms, nzn_life_drinkers
D:12:     minmay_polygon_palace, layout_cave_pods, uniq_azrael, uniq_kirke
D:13:     layout_loops_ring, david_vaults_2, portal_ice_cave_entry_ice_simulacra
D:14:     layout_roguey, fedhas_altar_2, st_stairs_14, minivault_4, bloody_trog
D:15:     grunt_enter_depths_snipers, layout_loops_corners, chequers_jeans,
          serial_ice, serial_ice_m, serial_ice_o, serial_ice_e, serial_ice_a,
          gammafunk_ghost_grave, nicolae_yredelemnul_corpse_copse
Temple:   mainiacjoe_temple_hex_bubbles
Lair:1:   layout_layer_cave, nicolae_lair_lakeside_cave, grunt_megastairs_1
Lair:2:   layout_long_grid, nicolae_volcano_entry_vermiform, grunt_megastairs_3
Lair:3:   nzn_winding_woodlands_stair_trap [nzn_winding_woodlands_5x15_garden,
          nzn_winding_woodlands_5x15_longhouse,
          nzn_winding_woodlands_5x15_sidewinder,
          nzn_winding_woodlands_15x15_thick_spiral,
          nzn_winding_woodlands_5x15_split_checker,
          nzn_winding_woodlands_5x15_parted,
          nzn_winding_woodlands_5x15_crooked], layout_chaotic_city,
          palyth_hydra_swamp_entry, spider_nest_entry_funnel_web,
          serial_bayou_shore_b
Lair:4:   layout_cave_pods, grunt_megastairs_4, uniq_nergalle
Lair:5:   layout_big_grid
Lair:6:   minmay_lair_end_frog_pond, layout_regular_city,
          minmay_slime_entry_oklob_open, serial_bayou_lake_a
Swamp:1:  layout_basic_swamp, serial_swamp_ruin, hangedman_swamp_ruin_wall,
          evilmike_swamp_ruin_house_6, evilmike_swamp_ruin_house_1
Swamp:2:  cheibrodos_swamp_tower_of_moss, layout_basic_swamp,
          evilmike_swamp_ruin_rubble_2, swamp_pool1, infiniplex_staircase_pool
Swamp:3:  layout_basic_swamp, nicolae_swamp_dense_foliage
Swamp:4:  swamp, layout_basic_swamp, swamp_pool1,
          nicolae_swamp_orc_logging_accident, infiniplex_staircase_pool_2,
          uniq_bai_suzhen
Spider:1: layout_spider_delve, uniq_louise, uniq_asterion
Spider:2: layout_chambers, nicolae_spider_bzzzt
Spider:3: layout_spider_delve, nicolae_spider_circle_web, drop_trap
Spider:4: johnstein_spider_rune_arachne_lair
Slime:1:  layout_caves
Slime:2:  layout_caves, nicolae_slime_ancient_tower_intersection
Slime:3:  layout_caves
Slime:4:  layout_caves, cheibrodos_slime_lost_civilization_6
Slime:5
Orc:1:    layout_diamond_mine, nicolae_orc_lava_tube, minmay_orc_treasury
Orc:2:    grunt_orc_cross, layout_diamond_mine, nicolae_orc_bridge_out
Elf:1:    layout_loops_cross, serial_shops, shop_statue, enter_trove_0,
          evilmike_minifort, uniq_agnes
Elf:2:    elven_hall_of_blades_hangedman_original
          [nicolae_blade_entry_floor_patterns], layout_rooms, serial_shops,
          nicolae_shop_advertising_works [nicolae_subvault_shop_adworks]
Elf:3:    minmay_elf_hall_spiked, layout_loops_corners, corner_web_ring,
          glass_columns_b
Vaults:1: vaults_mumra_lcd, nicolae_vaults_yaktaur_gun_rack,
          nicolae_vaults_c_with_doors, nicolae_vaults_gold_heap,
          grunt_vaults_hallway_long, v_misc_24, v_alt_pattern_5,
          vaults_room_pools, vaults_dpeg_hooks,
          nicolae_vaults_ring_of_whatevers, grunt_vaults_funnel,
          nicolae_vaults_little_squares_4, layout_vaults_chaotic_city,
          uniq_zenata
Vaults:2: minmay_crypt_entry_simple_statues,
          nicolae_vaults_windows_and_doors_thing, v_alt_pattern_3,
          hangedman_vaults_pinch, vaults_room_large_hall,
          ontoclasm_vaults_bender, ontoclasm_vaults_claustrophobia,
          hangedman_vaults_capsules, grunt_vaults_twisty,
          nicolae_vaults_little_squares_6, nicolae_vaults_angled_halls,
          vaults_room_hallway, vaults_mumra_hex, layout_vaults_ring
Vaults:3: gammafunk_ghost_grave, v_misc_17, nicolae_vaults_ninety_degrees,
          v_misc_9, ontoclasm_vaults_misaligned,
          nicolae_vaults_little_squares_2, hangedman_vaults_stagger, v_misc_16,
          v_alt_pattern_1, nicolae_vaults_disjoint_gnomons, v_misc_26,
          vaults_dpeg_ring, vaults_dpeg_diagonal, layout_vaults_big_cross
Vaults:4: hangedman_vaults_hat, v_misc_1, nicolae_vaults_ring_of_whatevers,
          ontoclasm_vaults_eye, nicolae_vaults_little_squares_4,
          nicolae_vaults_statue_guard, nicolae_vaults_little_squares_5,
          ontoclasm_vaults_chip, layout_vaults_omnigrid, serial_shops,
          freezing_bzr, uniq_xtahua
Vaults:5: uniq_mennas, uniq_frederick
Crypt:1:  cheibrodos_crypt_down_in_the_bonehoard, layout_misc_corridors,
          st_stairs_7
Crypt:2:  cheibrodos_crypt_eye_of_stone, layout_chaotic_city,
          lemuel_upstairs_altar
Crypt:3:  evilmike_haunted_forest
Depths:1: layout_cave_pools, enter_ziggurat_f, minmay_misc_feat_tower,
          pf_coc_iceberg, evilmike_spriggan_trog_shrine
Depths:2: kennysheep_six_static_rooms, layout_basic, hellmouth_3, serial_curves,
          eino_curves_04, eino_curves_02, rand_demon_pan_entry_1,
          infiniplex_staircase_zigzag_1, serial_bayou_shore_a
Depths:3: emtedronai_trogs_sanctum, layout_basic, pan_entry, hell_entry,
          gammafunk_ghost_wrathful_warriors, serial_shops,
          nicolae_inconvenience_store, hangedman_decor_peaks_small,
          nicolae_abyss_entry_one_way_or_another, minivault_22,
          lemuel_blue_sif_altar, infiniplex_staircase_diamond,
          serial_bayou_shore_b, serial_bayou_shore_b, uniq_mara
Depths:4: grunt_zot_entry_gee_three, layout_cave_pools, lightli_too_deep,
          nemelex_xobeh_ov_fountains_minmay, minmay_shop_grove,
          serial_bayou_shore_b
Hell
Zot:1:    kennysheep_oblong_rooms, layout_gridlike
Pan:      evilmike_mini_pan_other_thingy, layout_gridlike,
          nicolae_pan_giant_door, layout_gridville, rand_demon_6,
          layout_chambers, rand_demon_5, layout_rooms, nicolae_pan_mnolegish_4,
          evilmike_mini_pan_V, layout_irregular_city, pan_blood_fountain_2,
          lemuel_hall_of_pain, layout_gridville, pan_blood_fountain_2

Skill      XL: |  1  2  3  4  5  6  7  8  9 10 11 12 13 14 15 16 17 18 19 20 21 22 23 24 25 26 27 |
---------------+----------------------------------------------------------------------------------+-----
Invocations    | 1 2 3 4 5 6 7 8 9 10 11 12 13 14 15 16 17 18 19 25 | 25.4
Short Blades   | 1 2 3 4 5 6 7 8 9 10 11 12 13 14 15 16 17 18 22 | 22.7
Long Blades    | 1 2 3 4 5 6 7 8 9 10 11 12 13 14 15 16 17 18 22 | 22.7
Axes           | 1 2 3 4 5 6 7 8 9 10 11 12 13 14 15 16 17 18 23 | 23.8
Maces & Flails | 1 2 3 4 5 6 7 8 9 10 11 12 13 14 15 16 17 18 22 | 22.7
Polearms       | 1 2 3 4 5 6 7 8 9 10 11 12 13 14 15 16 17 18 22 | 22.7
Staves         | 1 2 3 4 5 6 7 8 9 10 11 12 13 14 15 16 17 18 22 | 22.7
Slings         | 1 2 3 4 5 6 7 8 9 10 11 12 13 14 15 16 17 18 22 | 22.7
Bows           | 1 2 3 4 5 6 7 8 9 10 11 12 13 14 15 16 17 18 22 | 22.7
Crossbows      | 1 2 3 4 5 6 7 8 9 10 11 12 13 14 15 16 17 18 22 | 22.7
Throwing       | 1 2 3 4 5 6 7 8 9 10 11 12 13 14 15 16 17 18 22 | 22.7
Dodging        | 1 2 3 4 5 6 7 8 9 10 11 12 13 14 15 16 17 18 22 | 22.7
Stealth        | 1 2 3 4 5 6 7 8 9 10 11 12 13 14 15 16 17 18 25 | 25.9
Unarmed Combat | 1 2 3 4 5 6 7 8 9 10 11 12 13 14 15 16 17 18 22 | 22.7
Evocations     | 1 2 3 4 5 6 7 8 9 10 11 12 13 14 15 16 17 18 22 | 22.7
Spellcasting   | 3 4 5 6 7 8 9 10 11 12 13 14 15 16 17 18 22 | 22.9
Conjurations   | 1 2 3 4 5 6 7 8 9 10 11 12 13 14 15 19 | 19.5
Hexes          | 1 2 3 4 5 6 7 8 9 10 11 12 13 14 15 19 | 19.5
Summonings     | 1 2 3 4 5 6 7 8 9 10 11 12 13 14 15 19 | 19.5
Translocations | 1 2 3 4 5 6 7 8 9 10 11 12 13 14 15 19 | 19.5
Transmutations | 1 2 3 4 5 6 7 8 9 10 11 12 13 14 15 19 | 19.5
Fire Magic     | 1 2 3 4 5 6 7 8 9 10 11 12 13 14 15 19 | 19.5
Ice Magic      | 1 2 3 4 5 6 7 8 9 10 11 12 13 14 15 19 | 19.5
Air Magic      | 1 2 3 4 5 6 7 8 9 10 11 12 13 14 15 19 | 19.5
Earth Magic    | 1 2 3 4 5 6 7 8 9 10 11 12 13 14 15 22 | 22.0
Poison Magic   | 1 2 3 4 5 6 7 8 9 10 11 12 13 14 15 19 | 19.5
Necromancy     | 4 5 6 7 8 9 10 11 12 13 14 15 19 | 19.8
Fighting       | 5 6 7 8 9 10 11 12 13 14 15 16 17 18 23 | 23.1
Shields        | 5 6 7 8 9 10 11 12 13 14 15 16 17 18 23 | 23.6
Armour         | 7 8 9 10 11 12 13 14 15 16 17 18 19 25 | 25.5

Action                   |  1- 3 |  4- 6 |  7- 9 | 10-12 | 13-15 | 16-18 | 19-21 | 22-24 | 25-27 || total
-------------------------+-------+-------+-------+-------+-------+-------+-------+-------+-------++-------
Melee: Club              |    57 |       |       |       |       |       |       |       |       ||    57
       Bite              |     8 |     1 |    19 |    49 |   246 |   181 |   158 |   175 |   325 ||  1162
       War axe           |       |    52 |    35 |       |       |       |       |       |       ||    87
       Dagger            |       |       |   124 |   425 |  1501 |  1040 |   783 |   689 |  1249 ||  5811
       Headbutt          |       |       |       |       |   373 |   214 |       |       |       ||   587
       Unarmed           |       |       |       |       |     1 |       |       |       |       ||     1
 Cast: Pain              |    68 |    79 |    53 |    62 |     5 |       |       |       |       ||   267
       Searing Ray       |       |       |    19 |     5 |     1 |       |       |       |       ||    25
       Fulminant Prism   |       |       |       |    46 |    74 |    22 |    14 |       |       ||   156
       Sticky Flame      |       |       |       |     6 |     3 |       |       |       |       ||     9
       Statue Form       |       |       |       |       |    58 |    53 |    46 |     1 |     7 ||   165
       Frozen Ramparts   |       |       |       |       |    10 |     4 |     1 |       |       ||    15
       Spellforged Servi |       |       |       |       |     6 |    99 |    84 |    99 |   112 ||   400
       Iron Shot         |       |       |       |       |       |    73 |   137 |   370 |   425 ||  1005
       Discord           |       |       |       |       |       |       |    18 |    13 |    16 ||    47
       Infestation       |       |       |       |       |       |       |       |     9 |    99 ||   108
       Maxwell's Capacit |       |       |       |       |       |       |       |     1 |     6 ||     7
       Necromutation     |       |       |       |       |       |       |       |       |    88 ||    88
       Ignition          |       |       |       |       |       |       |       |       |   136 ||   136
       Shatter           |       |       |       |       |       |       |       |       |    11 ||    11
Invok: Curse Item        |       |       |     3 |     4 |     4 |     2 |     3 |     3 |     3 ||    22
       Shatter the Chain |       |       |       |       |     1 |     1 |     3 |     3 |     4 ||    12
 Abil: End Transformatio |       |       |       |       |       |       |     1 |       |     7 ||     8
Evoke: Wand              |       |     6 |     8 |    34 |    30 |     6 |     2 |     7 |    11 ||   104
       Lightning rod     |       |       |       |       |     7 |       |       |       |       ||     7
       Box of beasts     |       |       |       |       |     1 |     2 |       |     1 |       ||     4
       Phial of floods   |       |       |       |       |     1 |       |       |       |       ||     1
       Phantom mirror    |       |       |       |       |       |       |       |     1 |     1 ||     2
       Condenser vane    |       |       |       |       |       |       |       |       |     5 ||     5
       Tin of tremorston |       |       |       |       |       |       |       |       |     1 ||     1
  Use: Scroll            |       |    12 |    10 |     2 |     8 |     9 |     3 |    10 |    36 ||    90
       Potion            |       |       |       |     5 |     5 |     2 |     3 |     3 |    63 ||    81
 Stab: Sleeping          |       |     2 |     4 |    13 |    21 |    25 |    43 |    14 |    12 ||   134
       Paralysed         |       |       |     3 |    10 |     1 |     1 |     1 |       |       ||    16
       Distracted        |       |       |       |       |     6 |    22 |    18 |    28 |    46 ||   120
       Fleeing           |       |       |       |       |     1 |       |       |       |       ||     1
       Invisible         |       |       |       |       |       |       |     3 |     3 |       ||     6
Armor: Robe              |    40 |    28 |    43 |       |       |       |       |       |       ||   111
       Troll leather arm |       |       |     7 |   103 |    85 |    35 |       |       |       ||   230
       Skin              |       |       |       |       |   544 |   444 |   195 |       |    34 ||  1217
       Fire dragon scale |       |       |       |       |       |       |    54 |   120 |   273 ||   447
       Crystal plate arm |       |       |       |       |       |       |       |       |   196 ||   196
       Chain mail        |       |       |       |       |       |       |       |       |     6 ||     6
       Pearl dragon scal |       |       |       |       |       |       |       |       |     6 ||     6
Dodge: Dodged            |    57 |    34 |   116 |   243 |  1233 |   883 |   593 |   289 |   952 ||  4400
Block: Buckler           |    13 |    21 |    54 |   132 |   610 |   127 |       |       |       ||   957
       Kite shield       |       |       |       |       |       |   947 |   860 |   518 |  1215 ||  3540
       Tower shield      |       |       |       |       |       |       |       |       |   693 ||   693

Table legend: (Time is in decaauts)
 A = Elapsed time spent in this place.
 B = Non-inter-level travel time spent in this place.
 C = Inter-level travel time spent in this place.
 D = Time resting spent in this place.
 E = Time spent auto-exploring this place.
 F = Levels seen in this place.
 G = Mean time per level.
                   A        B        C        D        E       F      G
               +--------+--------+--------+--------+--------+-----+--------+
         Total |  88688 |  82397 |   6291 |  20252 |  27725 | 101 |  878.1 |
       Dungeon |  17588 |  15951 |   1637 |   2020 |   9577 |  15 | 1172.5 |
        Temple |     35 |     21 |     14 |      0 |      0 |   1 |   35.0 |
          Lair |  10677 |   9162 |   1515 |   1946 |   3687 |   6 | 1779.5 |
         Swamp |   3432 |   3326 |    106 |    420 |   1264 |   4 |  858.0 |
   Spider Nest |   5423 |   5228 |    195 |   1099 |   1966 |   4 | 1355.8 |
    Slime Pits |   3719 |   3572 |    147 |    888 |   1130 |   5 |  743.8 |
  Orcish Mines |   3946 |   3554 |    392 |   1265 |    604 |   2 | 1973.0 |
   Elven Halls |   4023 |   3815 |    208 |    943 |   1177 |   3 | 1341.0 |
        Vaults |  10691 |   9589 |   1102 |   1734 |   3313 |   5 | 2138.2 |
         Crypt |   5625 |   5323 |    302 |   1334 |   1431 |   3 | 1875.0 |
        Depths |   8777 |   8163 |    614 |   3112 |   2313 |   4 | 2194.2 |
          Hell |    137 |    135 |      2 |      0 |      0 |   1 |  137.0 |
           Zot |   1239 |   1186 |     53 |    291 |    171 |   1 | 1239.0 |
         Abyss |   1995 |   1995 |      0 |    204 |    140 |  11 |  181.4 |
   Pandemonium |   4459 |   4459 |      0 |    974 |    857 |   6 |  743.2 |
      Ziggurat |   6434 |   6434 |      0 |   3897 |     48 |  27 |  238.3 |
        Bazaar |    124 |    124 |      0 |      0 |     45 |   1 |  124.0 |
         Trove |     96 |     96 |      0 |      0 |      0 |   1 |   96.0 |
      Ice Cave |    259 |    259 |      0 |    122 |      0 |   1 |  259.0 |
               +--------+--------+--------+--------+--------+-----+--------+

Top non-repeatable levels by time:
  Lair:3: 3101 daAuts
Depths:2: 2670 daAuts
   Orc:2: 2651 daAuts
  Lair:1: 2521 daAuts
Depths:3: 2471 daAuts
Vaults:5: 2386 daAuts
Vaults:1: 2359 daAuts
 Crypt:1: 2318 daAuts
Vaults:4: 2307 daAuts
   Elf:3: 2140 daAuts
Spider:4: 2138 daAuts
Depths:1: 2102 daAuts
 Crypt:3: 2036 daAuts
Vaults:2: 1918 daAuts
Vaults:3: 1719 daAuts
